 Dungeon Crawl Stone Soup version 0.32-a0-520-g344ed53f66 (webtiles) character file.

Game seed: 4334395592944269426

2205220 ragingrage the Acrobat (level 26, 200/288 HPs)
             Began as a Merfolk Chaos Knight on Feb 27, 2024.
             Was a Favourite Plaything of Xom.
             Escaped with the Orb
             ... and 4 runes on Feb 28, 2024!
             The game lasted 01:53:23 (73921 turns).

ragingrage the Acrobat (Merfolk Chaos Knight)      Turns: 73921, Time: 01:53:23

Health: 200/288    AC: 34    Str: 16    XL:     26   Next: 98%
Magic:  39/39      EV: 41    Int: 12    God:    Xom [*.....]
Gold:   1686       SH: 19    Dex: 29    Spells: 23/50 levels left

rFire   . . .        b - +9 demon blade (freeze)
rCold   + + +        t - +2 kite shield {rC+ rF+}
rNeg    + . .        y - melded +0 chain mail of Wu Jian's Respect {Will+ Slay+4 Stlth-}
rPois   ∞            k - +2 hat
rElec   +            w - +2 cloak {rC+}
rCorr   .            n - melded +2 pair of gloves
SInv    +            (boots currently unavailable)
Will    ++...        B - amulet of the King {rC+ Will+ Regen+}
Stlth   ++           Q - ring of see invisible
HPRegen 1.48/turn    V - ring of Incredulity {rPois EV+5 Str+3 Dex+3}
MPRegen 0.26/turn

%: no passive effects
@: statue-form, studying 2 skills, very slow
A: slow and powerful, torment resistance 1, boosted hp, (nimble swimmer 2),
mertail, (iridescent scales 1), thin skeletal structure 1, deterioration 2,
(shaggy fur 1), wild magic 1, heat vulnerability 1, noise suppression,
persistent drain
0: Orb of Zot
}: 4/15 runes: barnacled, silver, abyssal, gossamer
a: Begin Untransformation, Renounce Religion


You escaped.
You worshipped Xom.
You were a special plaything of Xom.
You were a living statue of rough stone.
You visited 9 branches of the dungeon, and saw 47 of its levels.
You visited the Abyss 1 time.
You visited 1 bazaar.
You also visited: Trove and Ice Cave.

You collected 7114 gold pieces.
You spent 5428 gold pieces at shops.

Inventory:

Hand Weapons
 b - a +9 demon blade of freezing (weapon)
 o - the +11 short sword "Fufasiatz" {speed, rElec Dex+3}
   (You found it on level 3 of the Depths)

   Dex+3:     It affects your dexterity (+3).
   rElec:     It insulates you from electricity.
Missiles
 j - 12 silver javelins
 v - 6 atropa-tipped darts
 K - 5 throwing nets
 X - 12 curare-tipped darts
Armour
 k - a +2 hat (worn)
 n - a +2 pair of gloves (melded)
 t - a +2 kite shield of resistance (worn)
 w - a +2 cloak of cold resistance (worn)
 y - the +0 chain mail of Wu Jian's Respect (melded) {Will+ Slay+4 Stlth-}
   (You found it on level 4 of the Spider Nest)

   Slay+4:    It affects your accuracy & damage with ranged weapons and melee
   (+4).
   Will+:     It increases your willpower.
   Stlth-:    It makes you less stealthy.
Jewellery
 B - the amulet of the King (around neck) {rC+ Will+ Regen+}
   (You found it on level 1 of the Realm of Zot)

   [amulet of regeneration]

   rC+:       It protects you from cold.
   Will+:     It increases your willpower.
   Regen+:    It increases your rate of health regeneration.
 H - the ring "Meetsof" {+Blink rF+ rCorr}
   (You bought it in a shop on level 4 of the Depths)

   [ring of resist corrosion]

   rF+:       It protects you from fire.
   +Blink:    It lets you blink.
   rCorr:     It protects you from acid and corrosion.
 Q - a ring of see invisible (left fist)
 U - a ring of willpower
 V - the ring of Incredulity (right fist) {rPois EV+5 Str+3 Dex+3}
   (You found it on level 12 of the Dungeon)

   [ring of evasion]

   EV+5:      It affects your evasion (+5).
   Str+3:     It affects your strength (+3).
   Dex+3:     It affects your dexterity (+3).
   rPois:     It protects you from poison
 Y - a +4 ring of protection
Talismans
 z - a granite talisman (active)
Wands
 g - a wand of warping (26)
 q - a wand of paralysis (63)
 r - a wand of acid (10)
 M - a wand of digging (12)
 N - a wand of mindburst (18)
Scrolls
 a - 12 scrolls of fog
 c - 2 scrolls of blinking
 d - 6 scrolls of immolation
 e - 21 scrolls of teleportation
 s - 7 scrolls of revelation
 C - 3 scrolls of butterflies
 D - 12 scrolls of fear
 E - 3 scrolls of poison
 F - a scroll of silence
 J - 4 scrolls of vulnerability
 R - 7 scrolls of noise
Potions
 f - 7 potions of brilliance
 h - 9 potions of enlightenment
 i - 20 potions of curing
 l - 7 potions of heal wounds
 m - 4 potions of invisibility
 u - 7 potions of magic
 x - 8 potions of might
 A - 13 potions of mutation
 G - 7 potions of resistance
 P - 5 potions of berserk rage
 S - 10 potions of ambrosia
 T - 8 potions of cancellation
 W - a potion of haste
 Z - 2 potions of attraction
Miscellaneous
 p - a sack of spiders
 I - a lightning rod (4/4)
 L - a phantom mirror
 O - a tin of tremorstones (2/2)


   Skills:
 - Level 21.0 Fighting
 - Level 11.4(14.0) Short Blades
 - Level 13.0(14.7) Long Blades
 - Level 6.0 Throwing
 - Level 11.0 Armour
 - Level 22.0 Dodging
 - Level 10.0 Stealth
 - Level 17.0 Shields
 - Level 12.8 Spellcasting
 - Level 14.0 Necromancy
 - Level 13.0 Translocations
 - Level 7.0 Air Magic
 - Level 6.0 Earth Magic
 + Level 15.8 Evocations
 - Level 18.0 Shapeshifting


You had 23 spell levels left.
You knew the following spells:

 Your Spells              Type           Power      Damage    Failure   Level
a - Death Channel         Necr           26%        N/A       11%         6
b - Passwall              Erth           28%        N/A       6%          3
c - Swiftness             Air            31%        N/A       4%          3
d - Vhi's Electric Charg  Tloc/Air       82%        N/A       4%          4
e - Blink                 Tloc           100%       N/A       1%          2
f - Manifold Assault      Tloc           50%        N/A       1%          4
g - Borgnjor's Vile Clut  Necr/Erth      20%        N/A       10%         5

Your spell library contained the following spells:

 Spells                   Type           Power      Damage    Failure   Level
 Necrotise                Necr           100%       1d9       1%          1
 Lesser Beckoning         Tloc           100%       N/A       1%          2
 Fugue of the Fallen      Necr           52%        N/A       1%          3
 Gell's Gravitas          Tloc           50%        N/A       1%          3
 Teleport Other           Tloc           50%        N/A       1%          3
 Animate Dead             Necr           52%        N/A       1%          4
 Dispel Undead            Necr           52%        3d19      1%          4
 Passage of Golubria      Tloc           50%        N/A       1%          4
 Sandblast                Erth           56%        2d13      2%          1
 Cigotuvi's Dreadful Rot  Necr/Alch/Air  62%        N/A       2%          2
 Curse of Agony           Necr           52%        N/A       2%          5
 Momentum Strike          Conj/Tloc      60%        3d9       3%          2
 Mercury Vapours          Alch/Air       40%        N/A       8%          2
 Static Discharge         Conj/Air       40%        3-5/arc   8%          2
 Airstrike                Air            15%        2d(3-19)  12%         4
 Anguish                  Hex/Necr       15%        N/A       12%         4
 Martyr's Knell           Necr/Summ      31%        N/A       12%         4
 Dimensional Bullseye     Hex/Tloc       15%        N/A       14%         4
 Iskenderun's Mystic Bla  Conj/Tloc      30%        2d8       14%         4
 Dispersal                Tloc           25%        N/A       16%         6
 Stone Arrow              Conj/Erth      38%        3d9       17%         3
 Foxfire                  Conj/Fire      36%        2x1d5     21%         1
 Freeze                   Ice            36%        1d5       21%         1
 Magic Dart               Conj           36%        1d4       21%         1
 Mephitic Cloud           Conj/Alch/Air  17%        N/A       22%         3
 Call Imp                 Summ           18%        N/A       30%         2
 Ensorcelled Hibernation  Hex/Ice        18%        N/A       30%         2
 Searing Ray              Conj           18%        2d5       30%         2
 Summon Lightning Spire   Summ/Air       20%        N/A       41%         4
 Confusing Touch          Hex            9%         N/A       47%         3
 Dazzling Flash           Conj/Hex       18%        N/A       47%         3
 Frozen Ramparts          Ice            18%        1d3       47%         3
 Hailstorm                Conj/Ice       9%         3d6       47%         3
 Inner Flame              Hex/Fire       9%         N/A       47%         3
 Summon Ice Beast         Ice/Summ       9%         N/A       47%         3
 Tukima's Dance           Hex            9%         N/A       47%         3
 Brom's Barrelling Bould  Conj/Erth      19%        2d4       47%         4
 Leda's Liquefaction      Alch/Erth      9%         N/A       47%         4
 Petrify                  Alch/Erth      19%        N/A       47%         4
 Arcjolt                  Conj/Air       10%        1d20      75%         5
 Silence                  Hex/Air        10%        N/A       75%         5
 Fulminant Prism          Conj/Alch      4%         3d5       86%         4
 Freezing Cloud           Conj/Ice/Air   8%         6-21      88%         5
 Borgnjor's Revivificati  Necr           26%        N/A       98%         8
 Infestation              Necr           26%        N/A       98%         8
 Irradiate                Conj/Alch      4%         3d13      99%         5
 Iskenderun's Battlesphe  Conj           9%         2d6       99%         5
 Summon Mana Viper        Hex/Summ       9%         N/A       99%         5
 Yara's Violent Unravell  Hex/Alch       4%         3d4       99%         5
 Plasma Beam              Fire/Air       10%        2x1d21    99%         6
 Disjunction              Tloc           25%        N/A       99%         8
 Bombard                  Conj/Erth      9%         9d2       100%        6
 Sculpt Simulacrum        Ice/Alch       4%         N/A       100%        6
 Monstrous Menagerie      Summ           4%         N/A       100%        7
 Spellforged Servitor     Conj/Summ      4%         N/A       100%        7
 Ignition                 Fire           4%         3d4       100%        8
 Lehudib's Crystal Spear  Conj/Erth      9%         10d4      100%        8
 Chain Lightning          Conj/Air       10%        3d13      100%        9
 Dragon's Call            Summ           4%         N/A       100%        9
 Fire Storm               Conj/Fire      4%         8d1       100%        9
 Shatter                  Erth           14%        3d14*     100%        9


Dungeon Overview and Level Annotations

Branches:
Dungeon (15/15)            Temple (0/1) D:4            Lair (5/5) D:10
 Shoals (4/4) Lair:3       Spider (4/4) Lair:3        Slime (0/5) Lair:5
    Orc (2/2) D:10            Elf (3/3) Orc:2        Vaults (5/5) D:13
  Crypt (0/3) Vaults:2     Depths (4/4) D:15            Zot (5/5) Depths:4
  IceCv (visited)

Altars:
Ashenzari
Cheibriados
Dithmenos
Elyvilon
Fedhas
Gozag
Hepliaklqana
Kikubaaqudgha
Makhleb
Nemelex Xobeh
Okawaru
Qazlal
Sif Muna
Trog
Uskayaw
Vehumet
Wu Jian
Xom
Yredelemnul
Zin
The Shining One
Beogh
Jiyva

Shops:
D:10 (   D:11 [   D:12 ?   Orc:2 (*(!   Elf:1 (   Shoals:1 :   Vaults:3 !?=
Vaults:4 ?   Depths:4 **

Portals:
Hell: Depths:1 Depths:2 Depths:3 Depths:4
Abyss: Depths:1 Depths:3
Pandemonium: Depths:1 Depths:2 Depths:3
Ziggurat: Depths:3

Annotations:
D:8 Jeremiah
D:11 exclusion: orange crystal statue
D:14 Boris
Shoals:2 2 runed translucent doors, Meic's ghost, adept MiFi
Spider:2 exclusion: downstairs
Depths:2 4 transporters
Zot:5 exclusions: door and 1 more exclusion


Innate Abilities, Weirdness & Mutations

You are a living statue of rough stone.
Your actions are slow, but your melee attacks are powerful.
You are resistant to unholy torment.
Your maximum health is greatly increased.
Your equipment is partially melded.
You are immune to poison.
((You are very nimble when in or above water. (Stealth+, EV+, Speed+++)))
Your lower body shifts to a powerful aquatic tail in water.
((You are partially covered in iridescent scales. (AC +2)))
You have a somewhat thin skeletal structure. (Dex +2, Stealth+)
Your body often deteriorates upon taking damage.
((You are covered in fur. (AC +1)))
Your spells are a little harder to cast, but a little more powerful.
You are vulnerable to heat. (rF-)
You passively dampen the noise of your surroundings.
Your health recovers twice as slowly from being drained.


Message History

The fireball engulfs the hell hog.
The hell hog completely resists.
The fireball engulfs the hell hog.
The hell hog completely resists.
The fireball engulfs the hell hog.
The hell hog completely resists.
The hell hog breathes fire at you.
The fireball explodes!
The fireball engulfs you!
The fireball engulfs the hell hog.
The hell hog completely resists.
The fireball engulfs the hell hog.
The hell hog completely resists.
The fireball engulfs the hell hog.
The hell hog completely resists.
You block the hell hog's attack. The hell hog breathes fire at you.
The fireball explodes!
The fireball engulfs you!!
The fireball engulfs the hell hog.
The hell hog completely resists.
The fireball engulfs the hell hog.
The hell hog completely resists.
The fireball engulfs the hell hog.
The hell hog completely resists.
The hell hog completely misses you. You block the hell hog's attack.
The hell hog completely misses you.
You block the hell hog's attack. x2; The hell hog completely misses you. x2
The hell hog closely misses you. The hell hog completely misses you.
You block the hell hog's attack. The hell hog breathes fire at you.
The fireball explodes!
The fireball engulfs you!!
The fireball engulfs the hell hog.
The hell hog completely resists.
The fireball engulfs the hell hog.
The hell hog completely resists.
The fireball engulfs the hell hog.
The hell hog completely resists.
The fireball engulfs the hell hog.
The hell hog completely resists.
The hell hog breathes fire at you.
The fireball explodes!
The fireball engulfs you but does no damage.
The fireball engulfs the hell hog.
The hell hog completely resists.
The fireball engulfs the hell hog.
The hell hog completely resists.
The fireball engulfs the hell hog.
The hell hog completely resists.
The fireball engulfs the hell hog.
The hell hog completely resists.
The hell hog breathes fire at you.
The fireball explodes!
The fireball engulfs you!!!
The fireball engulfs the hell hog.
The hell hog completely resists.
The fireball engulfs the hell hog.
The hell hog completely resists.
The fireball engulfs the hell hog.
The hell hog completely resists.
The fireball engulfs the hell hog.
The hell hog completely resists.
The hell hog completely misses you. x2; You block the hell hog's attack.
You have escaped!

# #.....####.####### # ###
#######.....###### # ..#
##...#.....#...## # #.##
##.ß.#.....#.ß.## # #..##
##...#.....#...## # ....#
######.....###### # ....#
#...............## #
....#####......hh........# #
.......##......hI........##
...###..#......h......(...# ...#
##..............[..#.# ####
##.#####.....######.# #
#.#...#.....#...##.# #
#.#.ß.#.....#.ß.##.###### ####
#.#...#.....#...#.......#
...#####.#####.....#####.......#
................########.......#


You could see 4 hell hogs.

Vanquished Creatures
  2 dread liches
  An ancient lich (Vaults:5)
  3 orbs of fire
  Boris (twice) (Depths:3 Depths:4)
  Xtahua (Vaults:4)
  2 pandemonium lords
  A curse toe (Zot:4)
  Bai Suzhen (Vaults:2)
  the Enchantress (Depths:3)
  5 golden dragons
  Nikola (Elf:2)
  Arachne (Spider:3)
  2 electric golems
  6 Brimstone Fiends
  A hellephant (Depths:1)
  Zenata (Elf:2)
  12 tentacled monstrosities
  Rupert (D:14)
  27 Orb Guardians
  3 titans (Vaults:5)
  6 quicksilver dragons
  2 Ice Fiends
  6 sphinxes
  7 liches
  A deep elf blademaster (Elf:2)
  6 death cobs
  2 krakens
  Frances (D:14)
  Agnes (Spider:1)
  The ghost of rbyellow5 the Bludgeoner, a journeyman OnWr of the Shining One (D:13)
  A tentacled starspawn (Abyss:4)
  Aizul (Elf:2)
  7 shadow dragons
  9 storm dragons
  2 draconian knights
  3 tengu reavers
  Ilsuiw (Shoals:3)
  10 fire giants
  2 protean progenitors (Zot:3)
  2 deep elf sorcerers
  The ghost of Sarer the Severer, a journeyman MiBe of Trog (D:14)
  A daeva (Abyss:4)
  5 draconian monks
  2 draconian shifters
  An iron dragon (Depths:2)
  16 vault wardens
  2 angels (Abyss:4)
  5 frost giants
  3 emperor scorpions
  The ghost of scarr the Thaumaturge, a journeyman GnNe of Kikubaaqudgha (D:13)
  7 draconian scorchers
  6 ghost moths
  5 orc warlords
  5 spriggan defenders (Depths:3)
  4 cacodemons
  19 ironbound preservers
  2 draconian annihilators
  10 broodmothers
  A reaper (Zot:2)
  3 formless jellyfish
  6 caustic shrike skeletons (Depths:3)
  12 very ugly things
  17 stone giants
  A deep elf demonologist (Vaults:5)
  The ghost of Afosuck the Cleaver, a journeyman HOFi of Gozag (D:13)
  6 black draconians
  3 ironbound thunderhulks
  A demonspawn black sun (Zot:2)
  3 deep elf death magi
  3 vampire knights
  3 green draconians
  8 white draconians
  14 dire elephants
  3 eleionomae
  13 yellow draconians
  6 red draconians
  5 war gargoyles
  3 lorocyprocas
  4 purple draconians
  11 merfolk impalers
  A green death (Depths:4)
  3 crystal guardians
  5 merfolk javelineers
  5 fire dragons
  11 ettins
  5 entropy weavers
  2 deep elf high priests
  The ghost of Coanextu the Cleaver, a journeyman HOFi of Beogh (D:13)
  15 yaktaur captains
  2 ice dragons (Depths:1)
  A peacekeeper (Vaults:4)
  37 vault guards
  6 ogre magi
  15 centaur warriors
  4 great orbs of eyes
  5 rakshasas
  A juggernaut simulacrum (Depths:2)
  4 spriggan air magi (Depths:3)
  2 merfolk aquamancers (Shoals:4)
  5 merfolk avatars
  5 hydras
  4 jorogumos
  9 ironbound frosthearts
  2 radroaches
  3 boulder beetles
  A catoblepas (Lair:5)
  An alligator snapping turtle (Shoals:1)
  12 two-headed ogres
  23 dancing weapons
  2 death knights
  A death scarab (Spider:3)
  5 deep troll earth magi
  4 satyrs
  5 deep troll shamans
  12 death yaks
  9 tengu warriors
  7 orc high priests
  3 holy swine
  A thrashing horror (Abyss:4)
  7 demonic crawlers
  2 hell hogs (Depths:1)
  8 hell knights (Depths:4)
  4 occultists
  3 skysharks
  2 shadow wraiths (D:14)
  2 soul eaters
  7 spriggan berserkers
  A titan skeleton (Depths:2)
  19 deep elf knights
  8 iron trolls
  A sun demon (Depths:4)
  2 sixfirhies
  2 skeletal warriors
  A goliath frog (Shoals:4)
  67 deep trolls
  3 glowing orange brains
  10 pharaoh ants
  A mana viper (shapeshifter) (D:12)
  An orb spider (shapeshifter) (Vaults:5)
  2 cherubim
  8 arcanists
  7 spriggan druids (Depths:3)
  10 sea snakes
  A flayed ghost (Depths:2)
  A spriggan simulacrum (IceCv)
  2 obsidian statues
  A bog body (IceCv)
  2 sun moths
  10 orb spiders
  5 steelbarb worms
  8 deep elf archers
  17 ironbound convokers
  3 mana vipers
  A swamp dragon (Lair:5)
  24 orc knights
  6 phantasmal warriors
  11 lindwurms
  7 harpies
  7 necromancers
  23 deep elf pyromancers
  A golden dragon skeleton (Depths:2)
  An orc sorcerer (Vaults:5)
  17 deep elf zephyrmancers
  3 starcursed masses (Abyss:4)
  28 wolf spiders
  48 ugly things
  A shining eye (Spider:4)
  6 cyclopes
  16 manticores
  14 moths of wrath
  12 fauns
  A shining eye (shapeshifter) (Depths:2)
  Maurice (D:7)
  A salamander (Depths:4)
  6 meliai
  A water nymph (shapeshifter) (Depths:2)
  6 elephants (Lair:3)
  7 merfolk sirens
  3 torpor snails
  A frost giant skeleton (Depths:2)
  A guardian serpent (Lair:5)
  6 kobold blastminers
  13 black mambas
  3 apocalypse crabs (Abyss:4)
  16 cane toads
  13 vault sentinels
  A gargoyle (D:13)
  2 water nymphs
  4 orange demons
  Joseph (D:8)
  2 smoke demons (Depths:4)
  4 komodo dragons
  An unseen horror (shapeshifter) (D:14)
  31 yaktaurs
  7 rime drakes
  Maggie (D:7)
  21 freezing wraiths
  3 kobold demonologists
  2 hellions
  3 ice devils
  A rime drake (shapeshifter) (D:14)
  4 anaconda simulacra (IceCv)
  An efreet (D:14)
  5 trolls
  4 tengu conjurers
  3 golden dragon simulacra (IceCv)
  19 merfolk
  A tyrant leech (Lair:3)
  2 raiju (Abyss:4)
  5 wind drakes
  A polar bear (Lair:3)
  A queen bee (Spider:4)
  4 alligator simulacra (IceCv)
  17 blink frogs
  A glass eye (Depths:1)
  18 hornets
  A fire giant simulacrum (Depths:2)
  28 tarantellas
  6 dream sheep
  A frost giant simulacrum (D:14)
  41 spriggans (Depths:3)
  11 snapping turtles
  53 slime creatures
  4 air elementals
  13 wyverns
  21 jumping spiders
  A shadow (D:10)
  28 yaks
  27 culicivoras
  2 wraiths (D:12)
  A culicivora (shapeshifter) (Elf:2)
  A vampire (D:12)
  15 water elementals
  A ynoxinul (D:1)
  A dire elephant simulacrum (IceCv)
  A hog (D:15)
  9 basilisks
  3 neqoxecs
  3 steam dragons
  3 fire elementals
  48 redbacks
  4 harpy simulacra (IceCv)
  10 vampire mosquitoes
  11 wargs
  2 minotaur simulacra (IceCv)
  3 acid dragons
  A chaos spawn (Abyss:4)
  A swamp worm (Lair:3)
  4 hell hounds (Depths:4)
  24 water moccasins
  3 swamp drakes (Lair:5)
  A black bear (shapeshifter) (Lair:5)
  40 orc warriors
  4 sky beasts
  3 ettin simulacra (IceCv)
  A laughing skull (Vaults:2)
  An ice beast (Spider:3)
  4 black bears
  6 ogres
  9 boggarts
  13 centaurs
  5 wolves (Lair:3)
  A phantom (D:7)
  13 bullfrogs
  6 kobold brigands
  2 deep troll simulacra (IceCv)
  2 earth elementals
  A human simulacrum (D:14)
  9 scorpions
  A small abomination (Abyss:4)
  3 lindwurm simulacra (IceCv)
  22 killer bees
  3 vampire bats (D:7)
  An electric eel (D:15)
  7 howler monkeys
  A bombardier beetle (D:5)
  4 hounds
  39 orc priests
  A gnoll bouda (D:6)
  8 jellies
  5 iguanas
  A sleepcap (D:7)
  5 hell rats (Lair:3)
  25 orc wizards
  Natasha (thrice) (D:2)
  7 gnolls
  6 adders
  4 ufetubi
  2 dart slugs (D:1)
  A ribbon worm (D:3)
  114 orcs
  8 ball pythons
  7 bats
  3 bat skeletons (D:7)
  2 bat zombies (D:7)
  13 endoplasms
  4 giant cockroaches
  8 goblins
  9 hobgoblins
  A jackal (D:8)
  2 quokkas
  3 frilled lizards
  31 kobolds
  5 rats
  An aspiring flesh (Zot:3)
  A butterfly (D:11)
  7 tentacles
2184 creatures vanquished.

Vanquished Creatures (collateral kills)
  Sojobo (Vaults:4)
  2 Killer Klowns (Zot:5)
  Saint Roka (Vaults:5)
  An electric golem (Zot:5)
  A tentacled monstrosity (Zot:2)
  3 Orb Guardians (Zot:5)
  2 storm dragons
  3 tengu reavers
  Donald (Elf:1)
  2 draconian monks
  2 draconian stormcallers
  2 green draconians
  A purple draconian (Zot:2)
  2 red draconians
  3 vault guards
  A hydra (Lair:3)
  A two-headed ogre (D:11)
  2 deep trolls (Vaults:2)
  An ironbound convoker (Vaults:4)
  A large abomination (Abyss:4)
  An orc knight (Vaults:5)
  A wolf spider (Spider:3)
  A meliai (Spider:4)
  A moth of wrath (Zot:2)
  An efreet (Zot:5)
  2 komodo dragons
  A merfolk (Shoals:3)
  A wind drake (Shoals:3)
  A water elemental (D:15)
  2 culicivoras
  A redback (Vaults:1)
  2 ogres (D:15)
  An orc warrior (Orc:1)
  Ijyb (D:3)
  An orc wizard (Vaults:5)
  4 orcs
  3 goblins (D:3)
58 creatures vanquished.

Vanquished Creatures (others)
  A draconian monk (Zot:5)
  2 draconian knights (Zot:5)
  A draconian shifter (Zot:5)
  An orc warlord (Orc:1)
  2 draconian stormcallers (Zot:5)
  2 draconian annihilators (Zot:5)
  An ironbound preserver (Vaults:1)
  A broodmother (Spider:4)
  4 red draconians (Zot:5)
  A purple draconian (Zot:5)
  A peacekeeper (Vaults:3)
  A vault guard (Vaults:5)
  A dancing weapon (Spider:1)
  A deep troll (Vaults:1)
  An orb spider (Spider:1)
  A deep elf archer (Elf:2)
  3 deep elf pyromancers
  A deep elf zephyrmancer (Elf:1)
  An ugly thing (D:14)
  2 moths of wrath (Zot:5)
  A jumping spider (Spider:4)
  A water elemental (Depths:2)
  3 culicivoras (Spider:4)
  An orc warrior (Orc:1)
  A small abomination (D:15)
  3 orc priests
  An orc wizard (Orc:1)
  6 orcs
  A goblin (D:3)
  2 starspawn tentacles (Abyss:4)
  15 tentacles
64 creatures vanquished.

Grand Total: 2306 creatures vanquished

Notes
Turn   | Place    | Note
-------+----------+-------------------------------------------
     0 | D:1      | ragingrage the Merfolk Chaos Knight began the quest for the
                  | Orb.
     0 | D:1      | Reached XP level 1. HP: 18/18 MP: 1/1
    30 | D:1      | XOM: silly message
    51 | D:1      | Reached skill level 1 in Stealth
   103 | D:1      | Reached XP level 2. HP: 24/24 MP: 2/2
   156 | D:1      | XOM: divination: magic mapping
   475 | D:1      | Reached XP level 3. HP: 29/29 MP: 3/3
   963 | D:2      | Noticed Natasha
   969 | D:2      | XOM: potion effect (haste)
   971 | D:2      | Killed Natasha
   972 | D:2      | Reached skill level 5 in Long Blades
   972 | D:2      | Reached XP level 4. HP: 35/35 MP: 4/4
   985 | D:2      | Noticed Natasha
  1025 | D:1      | XOM: divination: magic mapping
  1205 | D:3      | XOM: silly message
  1391 | D:3      | XOM: cast spell 'Death Channel'
  1406 | D:3      | Noticed Ijyb
  1423 | D:3      | Killed Ijyb
  1612 | D:3      | XOM: god gift: wand of polymorph (4)
  1736 | D:3      | XOM: noise
  1750 | D:4      | Reached XP level 5. HP: 31/41 MP: 5/5
  1762 | D:4      | Reached skill level 1 in Short Blades
  1796 | D:4      | Found a stormy altar of Qazlal.
  1935 | D:4      | Found a staircase to the Ecumenical Temple.
  1973 | D:4      | Identified the +4 dagger "Ajaxtann" {vamp, rElec rPois
                  | rF+++ Dex-4}
  2176 | D:4      | Found a blossoming altar of Fedhas.
  2467 | D:4      | Reached XP level 6. HP: 44/47 MP: 6/6
  2645 | D:4      | XOM: give mutation
  2645 | D:4      | Gained mutation: You have a somewhat thin skeletal
                  | structure. (Dex +2, Stealth+) [Xom's mischief]
  2830 | D:4      | XOM: summons 4 hostile demons
  3064 | D:4      | XOM: cloud trail
  3072 | D:5      | XOM: noise
  3072 | D:5      | Entered Level 5 of the Dungeon
  3180 | D:5      | Found a bloodstained altar of Trog.
  3180 | D:5      | XOM: 3-stop teleportation journey
  3184 | D:5      | XOM: polymorph orc -> frilled lizard
  3282 | D:5      | Reached skill level 5 in Short Blades
  3375 | D:5      | Noticed a black bear
  3392 | D:5      | XOM: confusion
  3402 | D:5      | Killed a black bear
  3511 | D:5      | XOM: 6-stop teleportation journey
  3557 | D:5      | XOM: give mutations
  3557 | D:5      | Lost mutation: You have a somewhat thin skeletal structure.
                  | (Dex +2, Stealth+) [Xom's mischief]
  3557 | D:5      | Gained mutation: Your magical capacity is low. (-10% MP)
                  | [Xom's mischief]
  3561 | D:5      | Reached XP level 7. HP: 51/52 MP: 6/6
  3597 | D:5      | Found a hide-covered altar of Uskayaw.
  3599 | D:5      | XOM: 4-stop teleportation journey
  3716 | D:5      | XOM: summons 2 friendly demons
  3765 | D:5      | Found a white marble altar of Elyvilon.
  4090 | D:5      | XOM: cloud trail
  4105 | D:5      | Found a glowing golden altar of the Shining One.
  4390 | D:5      | XOM: silly message
  4581 | D:6      | XOM: potion effect (invisibility)
  4836 | D:6      | XOM: god gift: +2 demon blade of freezing
  4887 | D:6      | Found a burning altar of Makhleb.
  5087 | D:6      | Reached XP level 8. HP: 47/58 MP: 7/7
  5179 | D:6      | Found an ornate altar of the Wu Jian Council.
  5228 | D:6      | XOM: give mutations
  5228 | D:6      | Gained mutation: Your mind is acute. (Int +4, Str/Dex -1)
                  | [Xom's grace]
  5228 | D:6      | Gained mutation: You have a somewhat thin skeletal
                  | structure. (Dex +2, Stealth+) [Xom's grace]
  5228 | D:6      | Gained mutation: You have a pair of small antennae on your
                  | head. [Xom's grace]
  5241 | D:6      | XOM: divination: detect items
  5590 | D:2      | Found a faded altar of an unknown god.
  5624 | D:2      | Killed Natasha
  5832 | D:2      | XOM is BORED!
  5888 | D:2      | Noticed Natasha
  5895 | D:2      | Killed Natasha
  6030 | D:6      | XOM: scenery: 1 doors close
  6244 | D:6      | Found a burning altar of Makhleb.
  6346 | D:6      | Found an ornate altar of the Wu Jian Council.
  6517 | D:6      | XOM: give mutations
  6517 | D:6      | Lost mutation: You have a somewhat thin skeletal structure.
                  | (Dex +2, Stealth+) [Xom's mischief]
  6517 | D:6      | Lost mutation: You have a pair of small antennae on your
                  | head. [Xom's mischief]
  6555 | D:6      | XOM: god gift: 17 gold pieces
  6577 | D:7      | XOM: noise
  6600 | D:7      | Noticed Maggie
  6631 | D:6      | XOM: give mutations
  6631 | D:6      | Gained mutation: You possess an exceptional clarity of
                  | mind. [Xom's grace]
  6631 | D:6      | Gained mutation: You are partially covered in iridescent
                  | scales. (AC +2) [Xom's grace]
  6633 | D:7      | XOM: divination: detect creatures
  6634 | D:7      | XOM: potion effect (attraction)
  6702 | D:7      | Killed Maggie
  6823 | D:7      | Learned a level 2 spell: Blink
  6901 | D:7      | Found a shimmering blue altar of Sif Muna.
  6987 | D:7      | Found an ancient bone altar of Kikubaaqudgha.
  6997 | D:7      | Reached skill level 10 in Long Blades
  6997 | D:7      | Reached skill level 1 in Translocations
  7085 | D:7      | XOM: 5-stop teleportation journey
  7085 | D:7      | Noticed Maurice
  7113 | D:8      | XOM: divination: magic mapping
  7121 | D:8      | Reached XP level 9. HP: 34/64 MP: 8/8
  7171 | D:8      | XOM: 2-stop teleportation journey
  7499 | D:8      | XOM: chaos upgrade
  7681 | D:8      | Found an opulent altar of Gozag.
  7720 | D:8      | Noticed Joseph
  8003 | D:8      | Noticed Jeremiah
  8004 | D:8      | XOM: chaos upgrade
  8014 | D:8      | XOM: 2-stop teleportation journey
  8177 | D:8      | XOM: enchant monster (bad)
  8181 | D:8      | Lost mutation: You are partially covered in iridescent
                  | scales. (AC +2) [potion of mutation]
  8181 | D:8      | Lost mutation: You possess an exceptional clarity of mind.
                  | [potion of mutation]
  8181 | D:8      | Gained mutation: You are robust. (+10% HP) [potion of
                  | mutation]
  8181 | D:8      | Gained mutation: You are very robust. (+20% HP) [potion of
                  | mutation]
  8181 | D:8      | Gained mutation: You are partially covered in iridescent
                  | scales. (AC +2) [potion of mutation]
  8208 | D:8      | XOM: scenery: create altars
  8389 | D:8      | XOM: enchant monster (bad)
  8541 | D:8      | XOM: polymorph steam dragon -> jackal
  8554 | D:8      | Found a shadowy altar of Dithmenos.
  8563 | D:8      | Found a glowing silver altar of Zin.
  8563 | D:8      | Found a broken altar of Ashenzari.
  8563 | D:8      | Found a snail-covered altar of Cheibriados.
  8588 | D:8      | Found a radiant altar of Vehumet.
  8590 | D:8      | Found an iron altar of Okawaru.
  8591 | D:8      | Found a sparkling altar of Nemelex Xobeh.
  8592 | D:8      | Found a basalt altar of Yredelemnul.
  8818 | D:8      | XOM: scenery: summon butterflies
  8880 | D:8      | XOM: confusion
  8893 | D:8      | Killed Joseph
  8894 | D:8      | Reached skill level 3 in Dodging
  9093 | D:8      | XOM: summons 2 hostile demons
  9214 | D:8      | Reached skill level 4 in Dodging
  9297 | D:8      | XOM: enchant monster (bad)
  9324 | D:8      | XOM: give mutation
  9324 | D:8      | Gained mutation: You are occasionally teleported next to
                  | monsters. [Xom's mischief]
  9581 | D:7      | Killed Maurice
  9599 | D:7      | XOM: 5-stop teleportation journey
  9601 | D:7      | Reached XP level 10. HP: 51/87 MP: 9/9
  9604 | D:7      | Reached skill level 5 in Dodging
  9811 | D:7      | Reached skill level 5 in Fighting
  9839 | D:7      | Identified the ring of Plog {Ice MP+9 Str+5}
  9989 | D:7      | XOM: 1-stop teleportation journey
 10163 | D:7      | XOM: god gift: staff of cold
 10460 | D:9      | Identified the +3 rapier of Income {flame, rC++}
 10485 | D:9      | XOM: enchant monster (good)
 10491 | D:9      | XOM: confuse monster(s)
 10650 | D:9      | XOM: god gift: tin of tremorstones (2/2)
 10678 | D:9      | Reached skill level 6 in Dodging
 10995 | D:9      | XOM: god gift: wand of acid (6)
 11003 | D:10     | Entered Level 10 of the Dungeon
 11006 | D:10     | Found Ettiupn's Weapon Shop.
 11037 | D:10     | Reached skill level 1 in Evocations
 11094 | D:10     | Found a staircase to the Lair.
 11151 | D:10     | XOM: smoke on damage
 11191 | D:10     | XOM: give mutations
 11191 | D:10     | Lost mutation: You are very robust. (+20% HP) [Xom's
                  | mischief]
 11191 | D:10     | Gained mutation: You occasionally shout uncontrollably at
                  | your foes. [Xom's mischief]
 11191 | D:10     | Gained mutation: You frequently scream uncontrollably at
                  | your foes. [Xom's mischief]
 11319 | D:10     | XOM: swap monsters
 11408 | D:10     | Reached skill level 7 in Dodging
 11546 | D:10     | XOM: noise
 11705 | D:10     | XOM: give mutations
 11705 | D:10     | Gained mutation: Your magical capacity is very low. (-20%
                  | MP) [Xom's mischief]
 11705 | D:10     | Gained mutation: You are weak. (Str -2) [Xom's mischief]
 11705 | D:10     | Lost mutation: You are partially covered in iridescent
                  | scales. (AC +2) [Xom's mischief]
 11764 | D:10     | XOM: confuse monster(s)
 11794 | D:10     | XOM: 2-stop teleportation journey
 11860 | D:10     | Found a shimmering altar of Xom.
 11911 | D:10     | Reached skill level 8 in Dodging
 11911 | D:10     | Reached XP level 11. HP: 91/91 MP: 8/8
 12188 | D:10     | XOM: 3-stop teleportation journey
 12279 | D:10     | Lost mutation: Your magical capacity is very low. (-20% MP)
                  | [potion of mutation]
 12279 | D:10     | Lost mutation: Your magical capacity is low. (-10% MP)
                  | [potion of mutation]
 12279 | D:10     | Gained mutation: You have a pair of small antennae on your
                  | head. [potion of mutation]
 12279 | D:10     | Lost mutation: You are occasionally teleported next to
                  | monsters. [potion of mutation]
 12328 | D:10     | XOM: noise
 12429 | D:10     | XOM: confuse monster(s)
 12498 | D:10     | XOM: silly message
 12657 | D:10     | Found a staircase to the Orcish Mines.
 12739 | D:10     | Found a hazy altar of Hepliaklqana.
 12808 | D:10     | XOM: 6-stop teleportation journey
 12951 | D:11     | Found Veafiah's Antique Armour Shoppe.
 12968 | D:11     | Noticed a manticore
 12980 | D:11     | Killed a manticore
 13070 | D:11     | Noticed a two-headed ogre
 13079 | D:11     | Killed a two-headed ogre
 13080 | D:11     | Reached skill level 9 in Dodging
 13080 | D:11     | Reached skill level 5 in Evocations
 13088 | D:11     | XOM: confuse monster(s)
 13192 | D:11     | XOM: enchant monster (good)
 13227 | D:11     | Noticed a two-headed ogre
 13238 | D:11     | Killed a two-headed ogre
 13379 | D:11     | Noticed a green ugly thing
 13382 | D:11     | XOM: confuse monster(s)
 13387 | D:11     | Killed a green ugly thing
 13443 | D:11     | XOM: potion effect (attraction)
 13446 | D:11     | XOM: divination: detect items
 13450 | D:11     | XOM: confuse monster(s)
 13453 | D:11     | Reached skill level 10 in Dodging
 13584 | D:11     | XOM: enchant monster (good)
 13588 | D:11     | Noticed a two-headed ogre
 13591 | D:11     | XOM: enchant monster (good)
 13608 | D:11     | XOM: cast spell 'Fugue of the Fallen'
 13614 | D:11     | XOM: enchant monster (good)
 13618 | D:11     | Killed a two-headed ogre
 13642 | D:11     | Found a runed translucent door.
 13643 | D:11     | Found a runed translucent door.
 13672 | D:11     | Reached skill level 11 in Dodging
 13791 | D:11     | Noticed a two-headed ogre
 13797 | D:11     | Killed a two-headed ogre
 13872 | D:11     | Noticed a two-headed ogre
 13878 | D:11     | XOM: potion effect (might)
 13880 | D:11     | Killed a two-headed ogre
 13881 | D:11     | Reached XP level 12. HP: 87/106 MP: 12/12
 14064 | D:11     | Identified the ring of the Republic {rC+ Dex+3}
 14200 | D:12     | XOM: silly message
 14245 | D:11     | XOM: silly message
 14350 | Lair:1   | Entered Level 1 of the Lair of Beasts
 14412 | Lair:1   | Reached skill level 10 in Fighting
 14438 | Lair:1   | Reached skill level 12 in Dodging
 14522 | Lair:1   | You fall into a shaft and drop 1 floor!
 14536 | Lair:2   | XOM: silly message
 14537 | Lair:2   | Noticed a skyshark
 14550 | Lair:2   | Killed a skyshark
 14551 | Lair:2   | Reached skill level 13 in Dodging
 14610 | Lair:2   | XOM: divination: magic mapping
 14774 | Lair:2   | XOM: potion effect (heal wounds)
 14878 | Lair:2   | XOM: 1-stop teleportation journey
 14904 | Lair:2   | Reached skill level 5 in Stealth
 14971 | Lair:2   | XOM: scenery: create altars
 15018 | Lair:2   | XOM: fake destruction
 15100 | Lair:2   | XOM: give mutation
 15100 | Lair:2   | Gained mutation: You are strong-willed. (Will+) [Xom's
                  | grace]
 15340 | Lair:3   | Identified the +2 robe of the Fisher {Archmagi}
 15424 | Lair:3   | Reached skill level 14 in Dodging
 15449 | Lair:3   | Reached XP level 13. HP: 75/116 MP: 13/13
 15595 | Lair:3   | Found the +1 eveningstar "Brilliance" {foul flame, Umbra}
 15645 | Lair:3   | XOM: polymorph blink frog -> blink frog
 15797 | Lair:3   | XOM: 2-stop teleportation journey
 16172 | Lair:3   | Found a hole to the Spider Nest.
 16476 | Lair:3   | XOM: scenery: summon butterflies
 16527 | Lair:3   | Found a staircase to the Shoals.
 16758 | Lair:3   | XOM: scenery: 2 doors close
 16776 | Lair:3   | XOM: 2-stop teleportation journey
 16874 | Lair:3   | Reached skill level 15 in Dodging
 16875 | Lair:3   | XOM: divination: detect items
 16919 | Lair:4   | XOM: divination: detect items
 17157 | Lair:4   | XOM: confuse monster(s)
 17192 | Lair:4   | XOM: confusion
 17202 | Lair:4   | a death yak changed into an eleionoma
 17202 | Lair:4   | Noticed an eleionoma
 17202 | Lair:4   | XOM: polymorph death yak -> eleionoma
 17204 | Lair:4   | XOM: destruction
 17221 | Lair:4   | XOM: blink monster(s)
 17226 | Lair:4   | XOM: summons 3 hostile shadow creatures
 17229 | Lair:4   | XOM: confusion (+ monsters)
 17231 | Lair:4   | XOM: swap monsters
 17238 | Lair:4   | XOM: give mutations
 17238 | Lair:4   | Lost mutation: Your mind is acute. (Int +4, Str/Dex -1)
                  | [Xom's mischief]
 17238 | Lair:4   | Lost mutation: You have a pair of small antennae on your
                  | head. [Xom's mischief]
 17238 | Lair:4   | Gained mutation: You are dopey. (Int -2) [Xom's mischief]
 17359 | Lair:4   | XOM: give mutations
 17359 | Lair:4   | Gained mutation: Your magical capacity is low. (-10% MP)
                  | [Xom's mischief]
 17359 | Lair:4   | Lost mutation: You frequently scream uncontrollably at your
                  | foes. [Xom's mischief]
 17608 | Lair:4   | XOM: blink monster(s)
 17616 | Lair:4   | Killed an eleionoma
 17662 | Lair:4   | Learned a level 3 spell: Passwall
 17666 | Lair:4   | Learned a level 3 spell: Swiftness
 17718 | Lair:4   | XOM: 1-stop teleportation journey
 17723 | Lair:4   | XOM: 3-stop teleportation journey
 17726 | Lair:4   | XOM: scenery: summon butterflies
 17744 | Lair:4   | Reached skill level 1 in Armour
 17935 | Lair:4   | XOM: fog
 17941 | Lair:4   | XOM: swap monsters
 17944 | Lair:4   | XOM: potion effect (haste)
 17960 | Lair:3   | XOM: polymorph death yak -> catoblepas
 17962 | Lair:3   | XOM: destruction
 18301 | Lair:3   | XOM: stat loss: -1 Dex (26/27)
 18389 | Lair:4   | XOM: blink monster(s)
 18394 | Lair:4   | XOM: confusion
 18397 | Lair:4   | XOM: 3-stop teleportation journey
 18472 | Lair:4   | XOM: 3-stop teleportation journey
 18759 | Lair:4   | XOM: silly message
 18872 | Lair:5   | Entered Level 5 of the Lair of Beasts
 18891 | Lair:5   | XOM: scenery: create altars
 18949 | Lair:5   | XOM: blink monster(s)
 19054 | Lair:5   | XOM: give mutations
 19054 | Lair:5   | Lost mutation: You are dopey. (Int -2) [Xom's mischief]
 19054 | Lair:5   | Gained mutation: Armour fits poorly on your strangely
                  | shaped body. [Xom's mischief]
 19054 | Lair:5   | Gained mutation: You are vulnerable to cold. (rC-) [Xom's
                  | mischief]
 19132 | Lair:5   | XOM: divination: detect creatures
 19159 | Lair:5   | XOM: potion effect (attraction)
 19629 | Lair:5   | Reached XP level 14. HP: 129/129 MP: 12/12
 19744 | Lair:5   | XOM: potion effect (might)
 19746 | Lair:5   | XOM: potion effect (brilliance)
 19754 | Lair:5   | XOM: polymorph cane toad -> glowing shapeshifter
 19760 | Lair:5   | XOM: confuse monster(s)
 19767 | Lair:5   | Reached skill level 16 in Dodging
 19786 | Lair:5   | Found a staircase to the Slime Pits.
 19790 | Lair:5   | Found a viscous altar of Jiyva.
 19917 | Lair:5   | Identified the staff of Per Pisi {rF+ Str+5 Int-2 Summ
                  | Fire} (Xom gifted it to you on level 5 of the Lair of
                  | Beasts)
 19917 | Lair:5   | XOM: god gift: staff of Per Pisi {rF+ Str+5 Int-2 Summ
                  | Fire}
 20040 | Lair:5   | XOM: give mutations
 20040 | Lair:5   | Gained mutation: You possess an exceptional clarity of
                  | mind. [Xom's grace]
 20040 | Lair:5   | Gained mutation: Your mind is acute. (Int +4, Str/Dex -1)
                  | [Xom's grace]
 20214 | Lair:5   | XOM: stat loss: -1 Str (9/10)
 20289 | Lair:5   | XOM: torment (67/132 hp)
 20903 | Lair:5   | XOM: stat loss: -1 Str (8/10)
 20909 | Lair:5   | XOM: silly message
 21204 | Lair:5   | XOM: noise
 21249 | Lair:5   | XOM: stat loss: -1 Str (8/10)
 21307 | Lair:5   | XOM: silly message
 21580 | Lair:1   | XOM: summons 6 hostile demons
 21719 | Lair:1   | XOM: summons 5 hostile demons
 21927 | Lair:1   | XOM: silly message
 21931 | Lair:1   | XOM is BORED!
 21931 | Lair:1   | XOM: give mutation
 21931 | Lair:1   | Lost mutation: You are vulnerable to cold. (rC-) [Xom's
                  | mischief]
 22084 | Orc:1    | Entered Level 1 of the Orcish Mines
 22102 | Orc:1    | Reached skill level 17 in Dodging
 22104 | Orc:1    | Noticed an orc warlord
 22108 | Orc:1    | XOM: 4-stop teleportation journey
 22115 | Orc:1    | XOM: polymorph orc warrior -> blink frog
 22117 | Orc:1    | XOM: summons friendly white imp
 22216 | Orc:1    | XOM: 2-stop teleportation journey
 22219 | Orc:1    | XOM: confuse monster(s)
 22244 | Orc:1    | XOM: give mutation
 22244 | Orc:1    | Lost mutation: You are weak. (Str -2) [Xom's mischief]
 22248 | Orc:1    | Killed an orc warlord
 22248 | Orc:1    | XOM: divine lightning
 22263 | Orc:1    | XOM: blink monster(s)
 22274 | Orc:1    | XOM: silly message
 22391 | Orc:1    | Learned a level 4 spell: Vhi's Electric Charge
 22403 | Orc:1    | Found a roughly hewn altar of Beogh.
 22419 | Orc:1    | XOM: give mutation
 22419 | Orc:1    | Lost mutation: You occasionally shout uncontrollably at
                  | your foes. [Xom's mischief]
 22517 | Orc:2    | Entered Level 2 of the Orcish Mines
 22520 | Orc:2    | XOM: stat loss: -1 Str (11/12)
 22521 | Orc:2    | Noticed an orc warlord
 22527 | Orc:2    | XOM: summons 8 hostile demons
 22609 | Orc:1    | XOM: noise
 22643 | Orc:1    | XOM: summons 1 hostile shadow creature
 22955 | Orc:1    | XOM: chaos upgrade
 23380 | Orc:1    | XOM: swap monsters
 23387 | Orc:1    | Killed an orc warlord
 23570 | Orc:1    | Reached skill level 1 in Air Magic
 23580 | Orc:1    | XOM: noise
 23679 | Orc:2    | XOM: noise
 23807 | Orc:2    | Found a staircase to the Elven Halls.
 23807 | Orc:2    | Found Cedewk's Weapon Shoppe.
 23807 | Orc:2    | XOM: 3-stop teleportation journey
 23809 | Orc:2    | XOM: 2-stop teleportation journey
 23902 | Orc:2    | XOM: summons 1 hostile demon
 24199 | Orc:2    | XOM: scenery: summon butterflies
 24201 | Orc:2    | XOM: swap monsters
 24213 | Orc:2    | XOM: polymorph butterfly -> jackal
 24386 | Orc:2    | XOM: summons friendly shadow imp
 24575 | Orc:2    | XOM: chaos upgrade
 24584 | Orc:2    | XOM: god gift: lumpy amethyst potion {god gift}
 24605 | Orc:2    | Reached XP level 15. HP: 123/139 MP: 13/13
 24613 | Orc:2    | XOM: noise
 24810 | Orc:2    | Found Ihumeil's Antique Weapon Shoppe.
 24811 | Orc:2    | Found Faepazxen's Distillery.
 24817 | Orc:2    | Bought a potion of heal wounds for 75 gold pieces
 24817 | Orc:2    | Bought a potion of magic for 120 gold pieces
 24817 | Orc:2    | Bought a potion of degeneration for 15 gold pieces
 24817 | Orc:2    | Bought a potion of cancellation for 120 gold pieces
 24817 | Orc:2    | Bought a potion of berserk rage for 75 gold pieces
 24838 | Orc:2    | Found a roughly hewn altar of Beogh.
 24858 | Orc:2    | Reached skill level 18 in Dodging
 24916 | Orc:2    | Found Gehyrph's General Store.
 24922 | Orc:2    | Bought a scroll of fog for 56 gold pieces
 25135 | Orc:2    | Bought a scroll of poison for 56 gold pieces
 25367 | Orc:1    | XOM: summons 1 hostile shadow creature
 25555 | D:12     | XOM: smoke on damage
 25558 | D:12     | XOM: summons 4 hostile shadow creatures
 25819 | D:12     | XOM: silly message
 25875 | D:12     | XOM: smoke on damage
 26027 | D:12     | XOM is BORED!
 26027 | D:12     | XOM: repel stairs
 26056 | D:12     | XOM: chaos upgrade
 26160 | D:12     | XOM: give mutation
 26160 | D:12     | Lost mutation: Armour fits poorly on your strangely shaped
                  | body. [Xom's mischief]
 26231 | D:12     | Found a transporter.
 26317 | D:12     | Found a transporter.
 26579 | D:12     | Found Iran's Magic Scroll Shoppe.
 26587 | D:12     | Bought a scroll of enchant armour for 105 gold pieces
 26756 | D:12     | Found a portal to a secret trove of treasure.
 26844 | D:13     | XOM: 1-stop teleportation journey
 26965 | D:13     | XOM: potion effect (haste)
 27145 | D:13     | XOM: 1-stop teleportation journey
 27335 | D:13     | Found a runed translucent gate.
 27336 | D:13     | Found a runed translucent gate.
 27337 | D:13     | Found a runed translucent gate.
 27338 | D:13     | Noticed rbyellow5's ghost (journeyman OnWr)
 27522 | D:13     | XOM: god gift: +1 great sword of holy wrath
 27639 | D:13     | XOM is BORED!
 27639 | D:13     | XOM: noise
 27662 | D:13     | Found a gate to the Vaults.
 27702 | D:13     | Reached skill level 5 in Armour
 27702 | D:13     | Reached skill level 1 in Shields
 27704 | D:13     | XOM: silly message
 27711 | D:13     | XOM: noise
 27713 | D:13     | XOM: swap monsters
 28028 | D:13     | Noticed Afosuck's ghost (journeyman HOFi)
 28029 | D:13     | Noticed scarr's ghost (journeyman GnNe)
 28029 | D:13     | Noticed Coanextu's ghost (journeyman HOFi)
 28361 | D:14     | XOM is BORED!
 28361 | D:14     | XOM: noise
 28389 | D:14     | Noticed Frances
 28401 | D:15     | Entered Level 15 of the Dungeon
 28489 | D:14     | XOM: potion effect (might)
 28496 | D:14     | Noticed Sarer's ghost (journeyman MiBe)
 28498 | D:14     | Found a transporter.
 28502 | D:14     | Noticed Rupert
 28502 | D:14     | XOM: divination: detect creatures
 28510 | D:14     | Killed Rupert
 28578 | D:14     | XOM: potion effect (might)
 28584 | D:14     | Reached skill level 5 in Shields
 28676 | D:14     | XOM: potion effect (haste)
 28682 | D:14     | XOM: enchant monster (good)
 28688 | D:14     | XOM: fog
 28779 | D:14     | XOM: scenery: create altars
 28780 | D:14     | XOM: divine lightning
 28806 | D:14     | XOM: scenery: summon butterflies
 28855 | D:14     | Found a transporter.
 28965 | D:14     | XOM: give mutation
 28965 | D:14     | Gained mutation: You are partially covered in iridescent
                  | scales. (AC +2) [Xom's grace]
 29085 | D:15     | XOM: enchant monster (good)
 29091 | D:15     | XOM: enchant monster (good)
 29094 | D:15     | XOM: 9-stop teleportation journey
 29124 | D:15     | XOM: cast spell 'Death Channel'
 29138 | D:15     | XOM: polymorph ogre mage -> hog
 29144 | D:15     | Reached XP level 16. HP: 127/147 MP: 14/14
 29151 | D:15     | XOM: 2-stop teleportation journey
 29290 | D:15     | Identified a scroll of acquirement
 29309 | D:15     | Acquired a manual of Fighting
 29456 | D:15     | XOM: confuse monster(s)
 29463 | D:15     | Reached skill level 15 in Fighting
 29474 | D:15     | Found a staircase to the Depths.
 29936 | D:14     | XOM: cleaving
 29942 | D:14     | XOM: divination: detect creatures
 29943 | D:14     | Lost mutation: You are robust. (+10% HP) [a neqoxec]
 29944 | D:14     | Killed Frances
 30178 | Lair:2   | XOM: cloud trail
 30225 | Spider:1 | Entered Level 1 of the Spider Nest
 30231 | Spider:1 | XOM: summons 1 hostile demon
 30432 | Spider:1 | XOM: 1-stop teleportation journey
 30435 | Spider:1 | Noticed Agnes
 30447 | Spider:1 | Reached skill level 10 in Shields
 30453 | Spider:1 | Killed Agnes
 30496 | Spider:1 | XOM: god gift: 5 stones
 30775 | Spider:1 | XOM: cleaving
 30779 | Spider:1 | XOM: divination: detect creatures
 31302 | Spider:1 | XOM: enchant monster (good)
 31547 | Spider:1 | XOM: polymorph culicivora -> howler monkey
 31706 | Spider:2 | XOM: confuse monster(s)
 31714 | Spider:2 | Reached skill level 1 in Throwing
 31749 | Spider:2 | XOM: fake destruction
 31755 | Spider:2 | XOM: noise
 31914 | Spider:2 | XOM: polymorph orb spider -> warg
 31981 | Spider:2 | XOM: fog
 32011 | Spider:2 | XOM: stat loss: -1 Int (15/16)
 32387 | Spider:2 | Reached XP level 17. HP: 12/149 MP: 15/15
 32795 | Spider:2 | Reached skill level 10 in Short Blades
 32916 | Spider:2 | XOM: polymorph spark wasp -> five-headed hydra
 33008 | Spider:3 | XOM: scenery: create altars
 33099 | Spider:3 | XOM: 1-stop teleportation journey
 33102 | Spider:3 | Noticed Arachne
 33144 | Spider:2 | XOM: god gift: 8 stones
 33179 | Spider:3 | XOM: enchant monster (good)
 33315 | Spider:3 | XOM: polymorph culicivora -> ice beast
 33359 | Spider:3 | XOM: summons 5 friendly demons
 33362 | Spider:3 | XOM: 7-stop teleportation journey
 33388 | Spider:3 | Reached skill level 5 in Throwing
 33401 | Spider:3 | XOM: noise
 33411 | Spider:3 | Killed Arachne
 33626 | Spider:3 | XOM: cloud trail
 33778 | Spider:4 | Entered Level 4 of the Spider Nest
 33874 | Spider:4 | XOM: fog
 33942 | Spider:4 | Found a glacial archway.
 33968 | Spider:4 | Paralysed by a meliai for 3 turns
 34003 | IceCv    | Entered an ice cave
 34256 | IceCv    | XOM: enchant monster (bad)
 34367 | IceCv    | Found an ancient bone altar of Kikubaaqudgha.
 34367 | IceCv    | XOM: 1-stop teleportation journey
 34424 | IceCv    | XOM: give mutations
 34424 | IceCv    | Lost mutation: You are partially covered in iridescent
                  | scales. (AC +2) [Xom's mischief]
 34424 | IceCv    | Lost mutation: Your mind is acute. (Int +4, Str/Dex -1)
                  | [Xom's mischief]
 34786 | IceCv    | XOM: summons 4 hostile shadow creatures
 34888 | IceCv    | XOM: summons friendly iron imp
 34913 | IceCv    | Noticed a lich
 34922 | IceCv    | Killed a lich
 34940 | IceCv    | HP: 3/155 [spore (16)]
 35261 | IceCv    | Identified the ring of the Dragon {rPois rN+ Str+3 Dex-4
                  | Slay+2}
 35650 | Spider:4 | XOM: divine lightning
 35662 | Spider:4 | XOM: enchant monster (bad)
 35893 | Spider:4 | Reached XP level 18. HP: 162/162 MP: 16/16
 35895 | Spider:4 | XOM: polymorph entropy weaver -> shining eye
 35902 | Spider:4 | XOM: summons 10 hostile demons
 35937 | Spider:4 | Reached skill level 5 in Translocations
 36032 | Spider:4 | XOM: noise
 36065 | Spider:4 | XOM: noise
 36306 | Spider:4 | XOM: give mutations
 36306 | Spider:4 | Gained mutation: Your system is resistant to poisons.
                  | (rPois) [Xom's grace]
 36306 | Spider:4 | Gained mutation: You are robust. (+10% HP) [Xom's grace]
 36306 | Spider:4 | Gained mutation: Your muscles are strong. (Str +4, Int/Dex
                  | -1) [Xom's grace]
 36306 | Spider:4 | Gained mutation: You have a somewhat thin skeletal
                  | structure. (Dex +2, Stealth+) [Xom's grace]
 36350 | Spider:4 | XOM: blink monster(s)
 36432 | Spider:4 | XOM: summons 3 hostile shadow creatures
 36812 | Spider:4 | XOM: noise
 36996 | Spider:4 | XOM: fog
 36997 | Spider:4 | XOM: polymorph demonic crawler -> something unseen
 37031 | Spider:4 | XOM: summons 2 hostile demons
 37279 | Spider:4 | Got a gossamer rune of Zot
 37409 | Spider:4 | Identified the +0 chain mail of Wu Jian's Respect {Will+
                  | Slay+4 Stlth-}
 37668 | Spider:3 | XOM: give mutations
 37668 | Spider:3 | Lost mutation: You have a somewhat thin skeletal structure.
                  | (Dex +2, Stealth+) [Xom's mischief]
 37668 | Spider:3 | Lost mutation: Your magical capacity is low. (-10% MP)
                  | [Xom's mischief]
 37668 | Spider:3 | Gained mutation: You are resistant to electric shocks.
                  | (rElec) [Xom's mischief]
 37881 | Elf:1    | Entered Level 1 of the Elven Halls
 37884 | Elf:1    | XOM: swap monsters
 37885 | Elf:1    | XOM: swap monsters
 37886 | Elf:1    | XOM: swap monsters
 37960 | Elf:1    | XOM: 1-stop teleportation journey
 37968 | Elf:1    | XOM: torment (90/178 hp)
 38262 | Elf:1    | Reached skill level 5 in Air Magic
 38267 | Elf:1    | XOM: enchant monster (good)
 38297 | Elf:1    | XOM: 1-stop teleportation journey
 38340 | Elf:1    | XOM: chaos upgrade
 38379 | Elf:1    | XOM: 1-stop teleportation journey
 38609 | Elf:1    | XOM: cast spell 'Dispersal'
 38689 | Elf:1    | XOM: destruction
 38742 | Elf:1    | Found Fekainn's Antique Weapon Shoppe.
 38804 | Elf:1    | XOM: smoke on damage
 38823 | Elf:1    | XOM: enchant monster (bad)
 38979 | Elf:1    | XOM: give mutations
 38979 | Elf:1    | Gained mutation: You occasionally lose the ability to read
                  | scrolls when taking damage. [Xom's mischief]
 38979 | Elf:1    | Gained mutation: Your muscles are very strong. (Str +8,
                  | Int/Dex -2) [Xom's mischief]
 39039 | Elf:1    | Noticed Donald
 39049 | Elf:1    | Killed Donald
 39336 | Elf:1    | XOM: summons 2 hostile demons
 39405 | Elf:2    | Reached skill level 19 in Dodging
 39628 | Elf:2    | Paralysed by an air elemental for 1 turns
 39727 | Elf:2    | XOM: potion effect (berserk rage)
 39738 | Elf:2    | XOM: summons friendly shadow imp
 39745 | Elf:2    | Reached skill level 15 in Shields
 39759 | Elf:2    | XOM: divination: magic mapping
 39775 | Elf:2    | Noticed Zenata
 39823 | Elf:2    | Noticed a deep elf blademaster
 39830 | Elf:2    | Paralysed by an air elemental for 1 turns
 40141 | Elf:2    | XOM: god gift: 10 gold pieces
 40150 | Elf:2    | Found a runed translucent gate.
 40150 | Elf:2    | Found a runed translucent gate.
 40156 | Elf:2    | Found a runed translucent gate.
 40217 | Elf:2    | XOM: summons friendly ufetubus
 40229 | Elf:2    | Reached skill level 20 in Dodging
 40229 | Elf:2    | Reached XP level 19. HP: 167/185 MP: 19/19
 40325 | Elf:2    | Noticed Nikola
 40339 | Elf:2    | XOM: enchant monster (bad)
 40359 | Elf:2    | Killed Nikola
 40401 | Elf:2    | Identified the serpent talisman "Axkewo" {Fly rC- rCorr
                  | Slay-5}
 40401 | Elf:2    | Noticed Aizul
 40414 | Elf:2    | Killed Aizul
 40415 | Elf:2    | XOM: noise
 40509 | Elf:2    | XOM: divination: detect items
 40530 | Elf:2    | XOM: 7-stop teleportation journey
 40808 | Elf:2    | Reached skill level 10 in Evocations
 40821 | Elf:2    | XOM: confuse monster(s)
 40822 | Elf:2    | Killed Zenata
 40875 | Elf:2    | XOM: confuse monster(s)
 40917 | Elf:2    | XOM: give mutations
 40917 | Elf:2    | Lost mutation: You are robust. (+10% HP) [Xom's mischief]
 40917 | Elf:2    | Lost mutation: You occasionally lose the ability to read
                  | scrolls when taking damage. [Xom's mischief]
 40917 | Elf:2    | Gained mutation: Your spells are a little easier to cast,
                  | but a little less powerful. [Xom's mischief]
 41179 | Elf:2    | XOM: give mutations
 41179 | Elf:2    | Gained mutation: Your flesh is heat resistant. (rF+) [Xom's
                  | grace]
 41179 | Elf:2    | Gained mutation: You have a somewhat thin skeletal
                  | structure. (Dex +2, Stealth+) [Xom's grace]
 41179 | Elf:2    | Gained mutation: You have a pair of small antennae on your
                  | head. [Xom's grace]
 41181 | Elf:2    | XOM: 1-stop teleportation journey
 41211 | Elf:2    | XOM: 3-stop teleportation journey
 41263 | Elf:2    | XOM: give mutations
 41263 | Elf:2    | Lost mutation: You have a somewhat thin skeletal structure.
                  | (Dex +2, Stealth+) [Xom's mischief]
 41263 | Elf:2    | Gained mutation: Your mind is acute. (Int +4, Str/Dex -1)
                  | [Xom's mischief]
 41263 | Elf:2    | Lost mutation: Your flesh is heat resistant. (rF+) [Xom's
                  | mischief]
 41507 | Elf:3    | Entered Level 3 of the Elven Halls
 41760 | Shoals:1 | Entered Level 1 of the Shoals
 41777 | Shoals:1 | XOM: stat loss: -1 Int (13/14)
 41792 | Shoals:1 | Found Naweonu's Book Emporium.
 41865 | Shoals:1 | XOM: summons 10 hostile demons
 41965 | Shoals:1 | XOM: scenery: summon butterflies
 42141 | Shoals:1 | XOM: noise
 42313 | Shoals:1 | XOM: 1-stop teleportation journey
 42341 | Shoals:1 | Identified the +0 ring mail "Jimoim" {^Drain rC+ Int+4}
 42803 | Shoals:2 | XOM: enchant monster (bad)
 43061 | Shoals:2 | Found a large runed translucent door.
 43062 | Shoals:2 | Found a large runed translucent door.
 43063 | Shoals:2 | Noticed Meic's ghost (adept MiFi)
 43515 | Shoals:2 | XOM: chaos upgrade
 43654 | Shoals:2 | XOM: give mutations
 43654 | Shoals:2 | Lost mutation: Your muscles are very strong. (Str +8,
                  | Int/Dex -2) [Xom's mischief]
 43654 | Shoals:2 | Lost mutation: You are strong-willed. (Will+) [Xom's
                  | mischief]
 43654 | Shoals:2 | Gained mutation: You are strong-willed. (Will+) [Xom's
                  | mischief]
 43700 | Shoals:3 | Noticed Ilsuiw
 43718 | Shoals:3 | Killed Ilsuiw
 43721 | Shoals:3 | XOM: 2-stop teleportation journey
 43772 | Shoals:3 | XOM: swap monsters
 43981 | Shoals:3 | XOM: swap monsters
 44087 | Shoals:3 | XOM: 4-stop teleportation journey
 44092 | Shoals:3 | XOM: 1-stop teleportation journey
 44354 | Shoals:3 | XOM: 2-stop teleportation journey
 44433 | Shoals:3 | XOM: summons 10 hostile demons
 44770 | Shoals:4 | Entered Level 4 of the Shoals
 44966 | Shoals:4 | Identified the +9 sling "Tukioh" {freeze, rC++}
 45081 | Shoals:4 | XOM: 1-stop teleportation journey
 45114 | Shoals:4 | XOM: polymorph snapping turtle -> goliath frog
 45120 | Shoals:4 | XOM: enchant monster (bad)
 45234 | Shoals:4 | XOM: enchant monster (good)
 45345 | Shoals:4 | XOM: enchant monster (bad)
 45370 | Shoals:4 | Reached XP level 20. HP: 140/176 MP: 20/20
 45491 | Shoals:4 | XOM: cast spell 'Animate Armour'
 45502 | Shoals:4 | XOM: god gift: scroll of butterflies
 45638 | Shoals:4 | XOM: god gift: Great Wizards, Vol. VII
 45753 | Shoals:4 | Identified the +4 falchion of the Eternal Warrior {speed,
                  | rF+ rN++ Str-4 Int+3}
 46035 | Shoals:4 | XOM: potion effect (heal wounds)
 46042 | Shoals:4 | XOM: silly message
 46286 | Shoals:4 | Got a barnacled rune of Zot
 46654 | Vaults:1 | Entered Level 1 of the Vaults
 46667 | Vaults:1 | XOM: enchant monster (bad)
 46853 | Vaults:1 | XOM: noise
 46888 | Vaults:1 | XOM: silly message
 46926 | Vaults:1 | XOM: god gift: potion of degeneration
 47008 | Vaults:1 | XOM: divination: magic mapping
 47115 | Vaults:1 | XOM: 3-stop teleportation journey
 47166 | Vaults:1 | XOM: god gift: scroll of immolation
 47326 | Vaults:1 | XOM: destruction
 47345 | Vaults:1 | XOM: 2-stop teleportation journey
 47351 | Vaults:1 | XOM: polymorph deep troll -> satyr
 47360 | Vaults:1 | XOM: blink monster(s)
 47363 | Vaults:1 | XOM: enchant monster (good)
 47377 | Vaults:1 | XOM: 1-stop teleportation journey
 47512 | Vaults:1 | Found a glowing golden altar of the Shining One.
 47540 | Vaults:2 | Reached skill level 10 in Translocations
 47602 | Vaults:2 | XOM: summons friendly shadow imp
 47606 | Vaults:2 | XOM: divine lightning
 47610 | Vaults:2 | XOM: enchant monster (good)
 47637 | Vaults:2 | XOM: cast spell 'Death Channel'
 47730 | Vaults:1 | XOM: smoke on damage
 47926 | Vaults:1 | XOM: god gift: 832 gold pieces
 47955 | Vaults:1 | XOM: god gift: embroidered scarf {god gift}
 48043 | Vaults:2 | XOM: blink monster(s)
 48082 | Vaults:2 | XOM: silly message
 48101 | Vaults:2 | XOM: enchant monster (good)
 48104 | Vaults:2 | XOM: enchant monster (good)
 48107 | Vaults:2 | XOM: cast spell 'Olgreb's Toxic Radiance'
 48127 | Vaults:2 | Found a flickering gateway to a bazaar.
 48152 | Vaults:2 | XOM: cloud trail
 48166 | Bazaar   | Entered a bazaar
 48166 | Bazaar   | Found Noesuph's General Store.
 48166 | Bazaar   | Found Ubryatso's General Store.
 48166 | Bazaar   | Found Hautegue's Distillery.
 48166 | Bazaar   | Found Olaiba's Magic Scroll Shoppe.
 48306 | Bazaar   | Found Pur Fau's Armour Boutique.
 48306 | Bazaar   | Found Plog's Distillery.
 48308 | Bazaar   | Bought a scroll of teleportation for 42 gold pieces
 48311 | Bazaar   | Bought a potion of mutation for 72 gold pieces
 48311 | Bazaar   | Bought a potion of might for 36 gold pieces
 48311 | Bazaar   | Bought a potion of heal wounds for 45 gold pieces
 48311 | Bazaar   | Bought a potion of mutation for 72 gold pieces
 48311 | Bazaar   | Bought a potion of brilliance for 36 gold pieces
 48311 | Bazaar   | Bought 2 potions of enlightenment for 90 gold pieces
 48311 | Bazaar   | Bought a potion of might for 36 gold pieces
 48311 | Bazaar   | Bought a potion of mutation for 72 gold pieces
 48311 | Bazaar   | Bought 2 potions of curing for 54 gold pieces
 48319 | Bazaar   | Bought a potion of lignification for 24 gold pieces
 48319 | Bazaar   | Bought a potion of heal wounds for 40 gold pieces
 48319 | Bazaar   | Bought a potion of curing for 24 gold pieces
 48319 | Bazaar   | Bought a potion of heal wounds for 40 gold pieces
 48319 | Bazaar   | Bought a potion of invisibility for 64 gold pieces
 48322 | Bazaar   | Bought a scroll of revelation for 127 gold pieces
 48322 | Bazaar   | Bought a scroll of revelation for 127 gold pieces
 48322 | Bazaar   | Bought a scroll of revelation for 127 gold pieces
 48322 | Bazaar   | Bought a scroll of immolation for 68 gold pieces
 48325 | Bazaar   | Bought a potion of resistance for 120 gold pieces
 48325 | Bazaar   | Bought a scroll of enchant weapon for 90 gold pieces
 48325 | Bazaar   | Bought a book of Unlife for 432 gold pieces
 48332 | Bazaar   | Learned a level 6 spell: Death Channel
 48745 | Vaults:2 | XOM: polymorph slime creature -> fire dragon
 48835 | Vaults:2 | XOM: chaos upgrade
 48994 | Vaults:2 | XOM: noise
 49130 | Vaults:2 | XOM: potion effect (brilliance)
 49135 | Vaults:2 | XOM: summons friendly quasit
 49138 | Vaults:2 | XOM: scenery: 13 doors close
 49152 | Vaults:2 | Reached XP level 21. HP: 97/183 MP: 21/21
 49262 | Vaults:2 | XOM: 1-stop teleportation journey
 49528 | Vaults:2 | XOM: 1-stop teleportation journey
 49717 | Vaults:2 | Found a staircase to the Crypt.
 49821 | Vaults:2 | XOM: god gift: 2 atropa-tipped darts
 49863 | Vaults:2 | Identified the +1 plate armour of the Butcher {rF++ Stlth+}
 49904 | Vaults:2 | XOM: chaos upgrade
 49907 | Vaults:2 | Paralysed by a death knight for 1 turns
 50011 | Vaults:2 | XOM: cloud trail
 50099 | Vaults:2 | XOM: enchant monster (good)
 50254 | Vaults:2 | XOM: potion effect (curing)
 50269 | Vaults:2 | XOM: summons friendly iron imp
 50460 | Vaults:3 | Identified the +0 buckler "Nesagh Wyro" {rC+ Str+6 SInv}
 50465 | Vaults:3 | Found Yrutwu's Distillery.
 50473 | Vaults:3 | Bought a potion of heal wounds for 70 gold pieces
 50473 | Vaults:3 | Bought a potion of heal wounds for 70 gold pieces
 50645 | Vaults:3 | Noticed Bai Suzhen
 50908 | Vaults:1 | XOM: polymorph angel -> holy swine
 50919 | Vaults:1 | Reached skill level 10 in Armour
 51144 | Vaults:1 | XOM: cast spell 'Olgreb's Toxic Radiance'
 51372 | Vaults:1 | XOM: cast spell 'Iskenderun's Battlesphere'
 51376 | Vaults:1 | XOM: enchant monster (good)
 51385 | Vaults:1 | XOM: enchant monster (bad)
 51719 | Vaults:2 | Killed Bai Suzhen
 51748 | Vaults:2 | XOM: noise
 51891 | Vaults:3 | XOM: cast spell 'Cause Fear'
 51892 | Vaults:3 | XOM: chaos upgrade
 51994 | Vaults:3 | XOM: noise
 52068 | Vaults:3 | XOM: polymorph slime creature -> sea snake
 52069 | Vaults:3 | XOM: enchant monster (good)
 52112 | Vaults:3 | Identified the +7 flail "Plog" {speed, rPois rF+ Will-
                  | Dex+6}
 52417 | Vaults:3 | Found Nutudwah's Magic Scroll Boutique.
 52418 | Vaults:3 | Found Refa's Jewellery Boutique.
 52421 | Vaults:3 | Bought a scroll of enchant weapon for 90 gold pieces
 52421 | Vaults:3 | Bought a scroll of poison for 48 gold pieces
 52628 | D:13     | XOM: give mutations
 52628 | D:13     | Gained mutation: You are agile. (Dex +4, Str/Int -1) [Xom's
                  | grace]
 52628 | D:13     | Gained mutation: You are partially covered in iridescent
                  | scales. (AC +2) [Xom's grace]
 52628 | D:13     | Gained mutation: Your mind is very acute. (Int +8, Str/Dex
                  | -2) [Xom's grace]
 52628 | D:13     | Gained mutation: Your muscles are very strong. (Str +8,
                  | Int/Dex -2) [Xom's grace]
 52659 | D:12     | XOM: god gift: staff of earth
 52666 | D:12     | XOM is BORED!
 52666 | D:12     | XOM: silly message
 52850 | Shoals:1 | Bought a manual of Shapeshifting for 1360 gold pieces
 52928 | Lair:2   | XOM: silly message
 53202 | Vaults:3 | XOM: god gift: potion of magic
 53232 | Vaults:3 | Bought a granite talisman for 1080 gold pieces
 53273 | Vaults:3 | Reached skill level 1 in Shapeshifting
 53637 | Vaults:4 | XOM: 4-stop teleportation journey
 53645 | Vaults:4 | Reached skill level 5 in Shapeshifting
 53652 | Vaults:4 | XOM: cast spell 'Alistair's Intoxication'
 53671 | Vaults:4 | XOM: noise
 53722 | Vaults:4 | XOM: blink monster(s)
 53730 | Vaults:4 | XOM: divination: magic mapping
 53739 | Vaults:4 | XOM: give mutations
 53739 | Vaults:4 | Lost mutation: You have a pair of small antennae on your
                  | head. [Xom's mischief]
 53739 | Vaults:4 | Lost mutation: You are strong-willed. (Will+) [Xom's
                  | mischief]
 54134 | Vaults:4 | XOM: destruction
 54148 | Vaults:4 | XOM: god gift: falchion {god gift}
 54234 | Vaults:4 | XOM: stat loss: -1 Dex (28/29)
 54354 | Vaults:4 | XOM: 2-stop teleportation journey
 54358 | Vaults:4 | XOM: 1-stop teleportation journey
 54371 | Vaults:4 | Reached skill level 10 in Shapeshifting
 54375 | Vaults:4 | Reached XP level 22. HP: 101/190 MP: 22/22
 54666 | Vaults:4 | XOM: 1-stop teleportation journey
 54688 | Vaults:4 | Noticed Sojobo
 54708 | Vaults:4 | Killed Sojobo
 54720 | Vaults:4 | XOM: summons 3 hostile shadow creatures
 54815 | Vaults:3 | XOM: silly message
 54870 | Vaults:4 | XOM: chaos upgrade
 54958 | Vaults:4 | XOM: give mutations
 54958 | Vaults:4 | Gained mutation: You are robust. (+10% HP) [Xom's grace]
 54958 | Vaults:4 | Gained mutation: You are mostly covered in iridescent
                  | scales. (AC +4) [Xom's grace]
 54958 | Vaults:4 | Gained mutation: You have a pair of small horns on your
                  | head. [Xom's grace]
 54958 | Vaults:4 | Gained mutation: You have a somewhat thin skeletal
                  | structure. (Dex +2, Stealth+) [Xom's grace]
 55020 | Vaults:4 | XOM: enchant monster (bad)
 55158 | Vaults:4 | XOM: swap monsters
 55245 | Vaults:4 | Noticed Xtahua
 55257 | Vaults:4 | Killed Xtahua
 55457 | Vaults:4 | Identified the +0 scale mail of Ravioli {Harm Will+ Slay-5}
 55693 | Vaults:4 | XOM: swap monsters
 55696 | Vaults:4 | XOM: enchant monster (bad)
 55842 | Vaults:4 | XOM: confuse monster(s)
 55852 | Vaults:4 | XOM: confuse monster(s)
 55858 | Vaults:4 | Reached skill level 21 in Dodging
 55924 | Vaults:4 | XOM: give mutations
 55924 | Vaults:4 | Lost mutation: Your spells are a little easier to cast, but
                  | a little less powerful. [Xom's mischief]
 55924 | Vaults:4 | Lost mutation: Your muscles are very strong. (Str +8,
                  | Int/Dex -2) [Xom's mischief]
 55924 | Vaults:4 | Gained mutation: You have hidden genetic defects. [Xom's
                  | mischief]
 56163 | Vaults:4 | Found Rorhao Atrue's Magic Scroll Shop.
 56172 | Vaults:4 | Bought a scroll of blinking for 105 gold pieces
 56424 | Depths:1 | Entered Level 1 of the Depths
 56425 | Depths:1 | Found a one-way gate to the infinite horrors of the Abyss.
 56440 | Depths:1 | XOM: silly message
 56442 | Depths:1 | XOM: torment (97/209 hp)
 56446 | Depths:1 | Reached skill level 15 in Shapeshifting
 56494 | D:15     | XOM: summons 4 hostile demons
 56561 | D:15     | XOM: give mutations
 56561 | D:15     | Gained mutation: You passively dampen the noise of your
                  | surroundings. [Xom's grace]
 56561 | D:15     | Gained mutation: You are very agile. (Dex +8, Str/Int -2)
                  | [Xom's grace]
 56561 | D:15     | Gained mutation: Your flesh is cold resistant. (rC+) [Xom's
                  | grace]
 56675 | Depths:1 | XOM: enchant monster (good)
 56722 | Depths:1 | XOM: fog
 56773 | Depths:1 | Found a one-way gate leading to the halls of Pandemonium.
 56791 | Depths:1 | Found a shadowy altar of Dithmenos.
 56811 | Depths:1 | XOM: destruction
 57236 | Depths:1 | Gained mutation: Your health recovers twice as slowly from
                  | being drained. [hidden defects]
 57514 | Depths:1 | Found a gateway to Hell.
 57800 | Depths:2 | Found a transporter.
 57801 | Depths:2 | Found a transporter.
 57802 | Depths:2 | Found a transporter.
 57858 | Depths:2 | Reached skill level 1 in Necromancy
 57891 | Depths:2 | XOM: confuse monster(s)
 57894 | Depths:2 | XOM: summons 9 friendly demons
 57899 | Depths:2 | Gained mutation: Your magical capacity is low. (-10% MP)
                  | [hidden defects]
 57899 | Depths:2 | Lost mutation: You have hidden genetic defects. [hidden
                  | defects expressed]
 58112 | Depths:2 | XOM: 4-stop teleportation journey
 58120 | Depths:2 | Found a radiant altar of Vehumet.
 58268 | Depths:2 | Reached XP level 23. HP: 216/216 MP: 20/20
 58292 | Depths:2 | XOM: 1-stop teleportation journey
 58409 | Depths:2 | XOM: cloud trail
 58629 | Depths:2 | Found a transporter.
 58630 | Depths:2 | XOM: silly message
 58684 | Depths:2 | XOM: potion effect (brilliance)
 58692 | Depths:2 | Paralysed by a vampire knight for 4 turns
 58719 | Depths:2 | XOM: cloud trail
 59019 | Depths:2 | XOM: silly message
 59031 | Depths:3 | XOM: noise
 59048 | Depths:3 | XOM: divination: detect creatures
 59091 | Depths:3 | XOM: destruction
 59150 | Depths:3 | Reached skill level 5 in Necromancy
 59278 | Depths:3 | XOM: give mutations
 59278 | Depths:3 | Gained mutation: You are completely covered in iridescent
                  | scales. (AC +6) [Xom's grace]
 59278 | Depths:3 | Gained mutation: You passively map a small area around you.
                  | [Xom's grace]
 59278 | Depths:3 | Gained mutation: You are somewhat resistant to further
                  | mutation. [Xom's grace]
 59289 | Depths:3 | Found a one-way gateway to a ziggurat.
 59289 | Depths:3 | XOM: 2-stop teleportation journey
 59296 | Depths:3 | XOM: cleaving
 59301 | Depths:3 | XOM: potion effect (attraction)
 59495 | Depths:3 | Identified the +3 robe "Zymoxtim" {rN+}
 59495 | Depths:3 | Noticed Boris
 59498 | Depths:3 | Killed Boris
 59571 | Depths:3 | Found a bloodstained altar of Trog.
 59572 | Depths:3 | XOM: blink monster(s)
 59758 | Depths:3 | XOM: confuse monster(s)
 59801 | Depths:3 | XOM: 5-stop teleportation journey
 59804 | Depths:3 | XOM: silly message
 59971 | Depths:3 | XOM: enchant monster (bad)
 60033 | Depths:3 | Identified the +7 chain mail of Divine Compulsion {^Contam
                  | +Inv rC+ rN+ Int-5}
 60219 | Depths:3 | XOM: enchant monster (good)
 60354 | Depths:3 | Identified the +11 short sword "Fufasiatz" {speed, rElec
                  | Dex+3}
 60374 | Depths:3 | XOM: cast spell 'Cause Fear'
 60420 | Depths:3 | Identified the amulet of False Pretenses {Spirit Harm rN+
                  | Int+2}
 60421 | Depths:3 | Identified the +3 orcbow of Tender Mercy {elec, rC+ rCorr}
 60536 | Depths:3 | Noticed the Enchantress
 60542 | Depths:3 | Killed the Enchantress
 60577 | Depths:3 | XOM: cast spell 'Summon Ice Beast'
 60822 | Depths:4 | Entered Level 4 of the Depths
 61090 | Depths:4 | XOM: blink monster(s)
 61150 | Depths:4 | XOM: divination: detect creatures
 61169 | Depths:4 | XOM: cleaving
 61188 | Depths:4 | XOM: noise
 61202 | Depths:4 | Found Ixaumpargh's Assorted Antiques.
 61350 | Depths:4 | Identified the +6 great mace "Ponevuna" {drain, Int+2}
 61367 | Depths:4 | XOM: divination: magic mapping
 61369 | Depths:4 | Identified the +3 robe "Caiwif" {rPois Will+}
 61369 | Depths:4 | Noticed Boris
 61369 | Depths:4 | XOM: 1-stop teleportation journey
 61377 | Depths:4 | XOM: silly message
 61382 | Depths:4 | Killed Boris
 61383 | Depths:4 | Reached skill level 10 in Necromancy
 61446 | Depths:4 | Identified the +3 mace of Trauma {venom, rPois rF+ rC-}
 61513 | Depths:4 | XOM: 1-stop teleportation journey
 61613 | Depths:4 | Found Vyge's Assorted Antiques.
 61618 | Depths:4 | Bought a smoking platinum ring for 145 gold pieces
 61618 | Depths:4 | Identified the ring "Meetsof" {+Blink rF+ rCorr} (You
                  | bought it in a shop on level 4 of the Depths)
 61663 | Depths:4 | XOM: god gift: 3 silver javelins
 61677 | Depths:4 | XOM: blink monster(s)
 61679 | Depths:4 | XOM: polymorph hell knight -> mana viper
 61731 | Depths:4 | XOM: give mutations
 61731 | Depths:4 | Lost mutation: You are somewhat resistant to further
                  | mutation. [Xom's mischief]
 61731 | Depths:4 | Lost mutation: Your muscles are strong. (Str +4, Int/Dex
                  | -1) [Xom's mischief]
 61731 | Depths:4 | Lost mutation: You passively map a small area around you.
                  | [Xom's mischief]
 61935 | D:14     | XOM: stat loss: -1 Str (8/9)
 62022 | D:12     | You paid a toll of a +7 demon whip to enter a treasure
                  | trove
 62023 | Trove    | Entered a treasure trove
 62040 | Trove    | Learned a level 4 spell: Manifold Assault
 62052 | Trove    | Got Sif Muna's Discursus on Conjuring and Exhumation
 62057 | Trove    | Got Sif Muna's Papyrus of the Caves
 62174 | D:12     | XOM: blink monster(s)
 62256 | D:12     | XOM: give mutations
 62256 | D:12     | Lost mutation: You are completely covered in iridescent
                  | scales. (AC +6) [Xom's mischief]
 62256 | D:12     | Lost mutation: You are resistant to electric shocks.
                  | (rElec) [Xom's mischief]
 62291 | D:12     | Identified the ring of Incredulity {rPois EV+5 Str+3 Dex+3}
 62294 | D:12     | Got the Disquisition on Fascinating Phantasms
 62351 | D:13     | XOM: repel stairs
 62352 | D:13     | Killed scarr's ghost
 62354 | D:13     | XOM: divination: detect items
 62362 | D:13     | Killed Coanextu's ghost
 62366 | D:13     | Killed rbyellow5's ghost
 62370 | D:13     | Killed Afosuck's ghost
 62480 | D:14     | Killed Sarer's ghost
 62481 | D:14     | Reached XP level 24. HP: 224/224 MP: 3/20
 63065 | Depths:4 | XOM: silly message
 63233 | Depths:4 | Found a gate to the Realm of Zot.
 63240 | Depths:4 | XOM: summons 4 hostile demons
 63859 | D:15     | XOM: silly message
 64068 | Vaults:5 | Entered Level 5 of the Vaults
 64087 | Vaults:5 | Identified the ring "Jownum" {Wiz +Blink Str-2 Int+3 Dex+4}
 64090 | Vaults:5 | Identified the ring of Hobbed {Fly rElec Int+4}
 64102 | Vaults:5 | XOM: 1-stop teleportation journey
 64123 | Vaults:5 | Noticed an ancient lich
 64128 | Vaults:5 | XOM: smoke on damage
 64137 | Vaults:5 | XOM: noise
 64188 | Vaults:5 | XOM: fog
 64233 | Vaults:5 | XOM: 1-stop teleportation journey
 64338 | Vaults:5 | XOM: 2-stop teleportation journey
 64368 | Vaults:5 | XOM: chaos upgrade
 64383 | Vaults:5 | Reached skill level 1 in Spellcasting
 64385 | Vaults:5 | XOM: divination: detect creatures
 64388 | Vaults:5 | Noticed a dread lich
 64399 | Vaults:5 | XOM: cast spell 'Death Channel'
 64410 | Vaults:5 | Noticed Saint Roka
 64417 | Vaults:5 | XOM: silly message
 64428 | Vaults:5 | Killed Saint Roka
 64434 | Vaults:5 | Identified the +4 spear of Juas {drain, ^Drain rF+ rN+
                  | Stlth+}
 64666 | Vaults:5 | XOM: cast spell 'Summon Hydra'
 64677 | Vaults:5 | Killed an ancient lich
 64779 | Vaults:5 | XOM: enchant monster (bad)
 64818 | Vaults:5 | Identified the +6 mace of Duoh {flame, rElec rN+ Str+2
                  | Stlth+}
 64920 | Vaults:5 | XOM: summons friendly crimson imp
 64933 | Vaults:5 | Paralysed by a dread lich for 3 turns
 64939 | Vaults:5 | Killed a dread lich
 64951 | Vaults:5 | Reached skill level 5 in Spellcasting
 64955 | Vaults:5 | XOM: cast spell 'Iskenderun's Battlesphere'
 64966 | Vaults:5 | XOM: scenery: summon butterflies
 64976 | Vaults:5 | XOM: scenery: create altars
 64991 | Vaults:5 | XOM: god gift: 21 gold pieces
 65187 | Vaults:5 | Identified the +6 flail "Saehoxab" {flame, Str+7}
 65194 | Vaults:5 | Got a silver rune of Zot
 65330 | Vaults:5 | XOM: confuse monster(s)
 65337 | Vaults:5 | XOM: god gift: 28 gold pieces
 65343 | Vaults:5 | Reached XP level 25. HP: 227/227 MP: 27/27
 65358 | Vaults:5 | Identified the +3 scale mail of Too Many Cooks {Str+5
                  | Int+3}
 65381 | Vaults:5 | XOM: give mutation
 65381 | Vaults:5 | Gained mutation: You have a moderately thin skeletal
                  | structure. (Dex +4, Stealth++) [Xom's grace]
 65452 | Abyss:4  | Cast into level 4 of the Abyss (Xom)
 65453 | Abyss:4  | XOM: give mutations
 65453 | Abyss:4  | Lost mutation: You are mostly covered in iridescent scales.
                  | (AC +4) [Xom's mischief]
 65453 | Abyss:4  | Lost mutation: You have a pair of small horns on your head.
                  | [Xom's mischief]
 65453 | Abyss:4  | Lost mutation: You are partially covered in iridescent
                  | scales. (AC +2) [Xom's mischief]
 65455 | Abyss:4  | Found a shimmering altar of Xom.
 65457 | Abyss:4  | Gained mutation: You are vulnerable to heat. (rF-) [a
                  | cacodemon]
 65459 | Abyss:4  | XOM: enchant monster (bad)
 65487 | Abyss:4  | Got an abyssal rune of Zot
 65571 | Abyss:4  | Found a corrupted altar of Lugonu.
 65672 | Vaults:5 | Escaped the Abyss
 66036 | Vaults:5 | XOM: give mutations
 66036 | Vaults:5 | Lost mutation: Your flesh is cold resistant. (rC+) [Xom's
                  | mischief]
 66036 | Vaults:5 | Lost mutation: Your mind is very acute. (Int +8, Str/Dex
                  | -2) [Xom's mischief]
 66036 | Vaults:5 | Lost mutation: You are vulnerable to heat. (rF-) [Xom's
                  | mischief]
 66463 | Zot:1    | Entered Level 1 of the Realm of Zot
 66755 | Zot:1    | Identified the amulet of the King {rC+ Will+ Regen+}
 67050 | Zot:1    | XOM: stat loss: -1 Str (12/13)
 67094 | Zot:1    | Learned a level 5 spell: Borgnjor's Vile Clutch
 67261 | Zot:1    | XOM: stat loss: -1 Str (11/13)
 67341 | Zot:2    | XOM: stealth player
 67651 | Zot:2    | XOM: give mutations
 67651 | Zot:2    | Lost mutation: You are very agile. (Dex +8, Str/Int -2)
                  | [Xom's mischief]
 67651 | Zot:2    | Gained mutation: Your mind is very acute. (Int +8, Str/Dex
                  | -2) [Xom's mischief]
 67651 | Zot:2    | Lost mutation: You are robust. (+10% HP) [Xom's mischief]
 67651 | Zot:2    | Gained mutation: You are covered in fur. (AC +1) [Xom's
                  | mischief]
 67711 | Zot:2    | Reached skill level 1 in Earth Magic
 68011 | Zot:2    | XOM: chaos cloud
 68013 | Zot:2    | XOM: cast spell 'Summon Dragon'
 68472 | Zot:2    | XOM: blink monster(s)
 68474 | Zot:2    | XOM: divination: magic mapping
 68866 | Zot:3    | XOM: cleaving
 69048 | Zot:3    | You fall into a shaft and drop 1 floor!
 69424 | Zot:3    | Reached skill level 10 in Spellcasting
 69970 | Zot:4    | Reached skill level 10 in Stealth
 69976 | Zot:4    | Identified the +7 falchion "Coseevis" {spect, *Noise Int+3
                  | Dex+5}
 69987 | Zot:4    | XOM: noise
 69999 | Zot:4    | XOM: potion effect (might)
 70077 | Zot:4    | XOM: polymorph purple draconian shifter -> death yak
 70207 | Zot:4    | Noticed an orb of fire
 70237 | Zot:4    | Killed an orb of fire
 70285 | Zot:4    | Reached skill level 22 in Dodging
 70377 | Zot:4    | XOM: 3-stop teleportation journey
 70422 | Zot:4    | Reached XP level 26. HP: 218/218 MP: 21/35
 70664 | Zot:4    | XOM: 2-stop teleportation journey
 70931 | Zot:5    | Entered Level 5 of the Realm of Zot
 70977 | Zot:5    | XOM: cast spell 'Summon Mana Viper'
 71377 | Zot:5    | XOM: confuse monster(s)
 71461 | Zot:5    | XOM: cloud trail
 71583 | Zot:5    | XOM: give mutations
 71583 | Zot:5    | Lost mutation: You possess an exceptional clarity of mind.
                  | [Xom's mischief]
 71583 | Zot:5    | Gained mutation: You are partially covered in iridescent
                  | scales. (AC +2) [Xom's mischief]
 71583 | Zot:5    | Gained mutation: You have sharp fingernails. [Xom's
                  | mischief]
 71583 | Zot:5    | Lost mutation: You have sharp fingernails. [Xom's mischief]
 71894 | Zot:5    | XOM: give mutations
 71894 | Zot:5    | Lost mutation: Your magical capacity is low. (-10% MP)
                  | [Xom's mischief]
 71894 | Zot:5    | Gained mutation: Armour fits poorly on your strangely
                  | shaped body. [Xom's mischief]
 71965 | Zot:5    | Noticed an orb of fire
 72128 | Zot:5    | XOM: summons 4 hostile demons
 72149 | Zot:5    | XOM: god gift: amulet of magic regeneration
 72182 | Zot:5    | XOM: confuse monster(s)
 72186 | Zot:5    | Noticed a dread lich
 72188 | Zot:5    | Killed a dread lich
 72223 | Zot:5    | XOM: give mutations
 72223 | Zot:5    | Gained mutation: Your body sometimes deteriorates upon
                  | taking damage. [Xom's mischief]
 72223 | Zot:5    | Lost mutation: You have a moderately thin skeletal
                  | structure. (Dex +4, Stealth++) [Xom's mischief]
 72336 | Zot:5    | Noticed an orb of fire
 72336 | Zot:5    | Noticed a Killer Klown
 72340 | Zot:5    | Noticed an orb of fire
 72348 | Zot:5    | Gained mutation: You are vulnerable to heat. (rF-) [an orb
                  | of fire]
 72349 | Zot:5    | Killed an orb of fire
 72385 | Zot:5    | Gained mutation: You occasionally shout uncontrollably at
                  | your foes. [an orb of fire]
 72386 | Zot:5    | Lost mutation: Your system is resistant to poisons. (rPois)
                  | [an orb of fire]
 72391 | Zot:5    | XOM: smoke on damage
 72392 | Zot:5    | XOM: polymorph red draconian scorcher -> great orb of eyes
 72400 | Zot:5    | Gained mutation: Your body often deteriorates upon taking
                  | damage. [an orb of fire]
 72402 | Zot:5    | Lost mutation: You are agile. (Dex +4, Str/Int -1) [an orb
                  | of fire]
 72404 | Zot:5    | XOM: swap monsters
 72410 | Zot:5    | HP: 8/286 [orb of fire/fireball (73)]
 72416 | Zot:5    | HP: 11/286 [orb of fire/bolt of fire (23)]
 72424 | Zot:5    | Killed an orb of fire
 72453 | Zot:5    | Killed a Killer Klown
 72704 | Zot:5    | XOM: give mutation
 72704 | Zot:5    | Lost mutation: Armour fits poorly on your strangely shaped
                  | body. [Xom's mischief]
 72771 | Zot:5    | XOM: noise
 72776 | Zot:5    | XOM: silly message
 72966 | Zot:5    | Got the Orb of Zot
 72969 | Zot:5    | Noticed a Killer Klown
 72972 | Zot:5    | XOM: chaos upgrade
 72980 | Zot:5    | Killed a Killer Klown
 73020 | Zot:5    | Reached skill level 5 in Earth Magic
 73160 | Zot:1    | Lost mutation: Your mind is very acute. (Int +8, Str/Dex
                  | -2) [a cacodemon]
 73166 | Zot:1    | Noticed a seraph
 73180 | Zot:1    | XOM: cast spell 'Metabolic Englaciation'
 73248 | Depths:4 | XOM: blink monster(s)
 73340 | Depths:2 | Noticed Aplearhauto the pandemonium lord
 73369 | Depths:1 | Lost mutation: Your mind is acute. (Int +4, Str/Dex -1) [a
                  | cacodemon]
 73387 | Depths:1 | Noticed Otabam the pandemonium lord
 73395 | Depths:1 | Reached skill level 15 in Evocations
 73405 | Depths:1 | Killed Otabam the pandemonium lord
 73449 | Depths:1 | XOM: give mutation
 73449 | Depths:1 | Lost mutation: You occasionally shout uncontrollably at
                  | your foes. [Xom's mischief]
 73521 | D:15     | Noticed Ryor the pandemonium lord
 73526 | D:15     | XOM: scenery: summon butterflies
 73533 | D:15     | XOM: enchant monster (bad)
 73534 | D:15     | XOM: summons 4 friendly demons
 73537 | D:15     | XOM: chaos cloud
 73540 | D:14     | Noticed Obigau Ciopn the pandemonium lord
 73560 | D:14     | Killed Obigau Ciopn the pandemonium lord
 73587 | D:14     | Identified the +2 robe "Heidajem" {^Contam Regen+ Int+4
                  | Archmagi}
 73587 | D:14     | Noticed Boris
 73629 | D:11     | Gained mutation: Your spells are a little harder to cast,
                  | but a little more powerful. [a cacodemon]
 73921 | D:$      | Escaped with the Orb!

Illustrated notes

Levels and vault maps discovered:
D:1:      minmay_arrival_glassed_features, layout_basic,
          minmay_misc_feat_diagonals
D:2:      minmay_diamond_boxcup, layout_rooms, serial_glass, glass_columns_a,
          glass_columns_a, basic_ecumenical_altar, uniq_natasha
D:3:      kennysheep_the_goblin_king, layout_rooms
D:4:      layout_basic, grunt_temple_overflow_forces_of_nature,
          temple_fountains, kennysheep_pointless_box
D:5:      layout_basic, elyvilon_altar_5, mainiacjoe_overflow_alcove_4,
          nicolae_overflow_crystal_walls, bloody_trog
D:6:      layout_basic, mainiacjoe_overflow_brackets,
          nicolae_wu_jian_glorious_leap
D:7:      layout_basic, nicolae_sif_muna_condensation,
          kennysheep_vampire_church, minmay_quadrilaterals, uniq_maggie,
          uniq_maurice
D:8:      lemuel_slime, layout_loops_corners, old_standard_altar, minitemple,
          serial_library_hellmonk_junction, uniq_joseph, uniq_jeremiah
D:9:      nicolae_cairo_tiling_very_big, layout_rooms, nicolae_titane
D:10:     layout_stronghold, nzn_hepliaklqana_mist_gate, lemuel_crystal_altar,
          due_lair_maze_entry_diamond, david_orc_4, serial_shops,
          nicolae_shop_pleasant_corner_grove
D:11:     lemuel_insect_pit, layout_basic, serial_shops,
          nicolae_shop_tiny_glass, minivault_16, minmay_between
D:12:     gammafunk_sealed_arena, layout_basic, serial_shops, shop,
          nicolae_trove_entry_crystal, special_room [special_room_orc]
D:13:     layout_basic, erik_vaults_2, gammafunk_ghost_cemetery
D:14:     layout_rooms, gammafunk_ghost_mausoleum, serial_bayou_pond_c,
          minmay_fractal_squares_gapless_5, uniq_frances, uniq_rupert
D:15:     hangedman_depths_entry_try_elsewhere_first, layout_irregular_city,
          chequers_big_river
Lair:1:   layout_long_grid, gauntlet_entry_generic,
          nicolae_quartered_pool_little
Lair:2:   layout_concentric_octagons, serial_rivers,
          chequers_serial_rivers_small_3, chequers_serial_rivers_micro_c,
          chequers_serial_rivers_micro_c, chequers_serial_rivers_marsh,
          chequers_serial_rivers_small_a
Lair:3:   wander_river, layout_cave_pods, elwin_shoals_entry_rooms,
          hellmonk_spider_entry_not_the_bees, minivault_24, worms_lemuel
Lair:4:   layout_cave_pods
Lair:5:   hangedman_lair_tendril_chambers, layout_hall_layers,
          guppyfry_lair_end_dragon, slime_entry_1, serial_bayou_lagoon_a,
          kennysheep_basilisk_garden, lemuel_fruit_tree
Shoals:1: layout_shoals, serial_shops, nicolae_book_shop_shelving
Shoals:2: layout_shoals, ebering_ghost_disaster_area
Shoals:3: layout_shoals, nicolae_shoals_lost_giant_pillars, uniq_ilsuiw
Shoals:4: shoals_end_grunt_ice, layout_shoals, shoal_ilsuiw
Spider:1: layout_spider_delve, uniq_agnes
Spider:2: nicolae_spider_broodchamber, drop_trap
Spider:3: layout_spider_delve, uniq_arachne
Spider:4: hellmonk_spider_rune_endless_swarm, special_room [special_room_bee],
          portal_ice_cave_entry_pillars_three, hellmonk_spider_spawner
Orc:1:    layout_caves, basic_altar
Orc:2:    st_orc_town, layout_caves
Elf:1:    minmay_elf_arrival_circle, layout_loops_corners, serial_shops,
          nicolae_shop_gibbet_a_chance, hangedman_elf_disciples, uniq_donald
Elf:2:    nicolae_elf_blades_splatter_lattice
          [nicolae_vaults_blade_armed_guards], layout_geoelf_grid, uniq_nikola,
          uniq_zenata, uniq_aizul
Elf:3:    minmay_elf_hall_statues, layout_loops_corners,
          kennysheep_underground_church, uniq_louise
Vaults:1: ontoclasm_vaults_shout, nicolae_vaults_trapezoid_1,
          nicolae_vaults_house_1, lemuel_angel_altar, v_misc_22,
          v_alt_pattern_3, nicolae_vaults_shelves_hall, vaults_standard_mumra_x,
          vaults_dpeg_spiral, v_alt_pattern_4,
          nicolae_vaults_trapezoid_lopsided_1, v_misc_26, layout_vaults_ring
Vaults:2: v_misc_1, minmay_crypt_entry_simple_round, v_misc_1,
          grunt_vaults_funnel, st_squares, nicolae_vaults_rhombus_7,
          nicolae_vaults_storage_room_doors, ontoclasm_vaults_decontamination,
          ontoclasm_vaults_idyll, nicolae_vaults_house_2,
          hangedman_vaults_nails, v_misc_12, nicolae_vaults_alarming,
          nicolae_vaults_storage_room_glass, nicolae_vaults_diamond_1,
          layout_vaults_omnicross, serial_shops, freezing_bzr
Vaults:3: nicolae_vaults_angled_halls, special_room_vaults [special_room_orc],
          nicolae_vaults_sightless_eye, vaults_room_fours,
          hangedman_vaults_stretched_pinwheel, v_misc_30,
          nicolae_vaults_apartment_1, layout_vaults_big_room, serial_shops,
          shop, shop, shop, uniq_bai_suzhen
Vaults:4: v_misc_2, vaults_standard_mumra_lines, nicolae_vaults_ninety_degrees,
          v_rooms_4, grunt_vaults_trifunnel, vaults_room_door_ring,
          nicolae_vaults_mini_display_case, vaults_room_hallway,
          nicolae_vaults_tetromino_L_1, layout_vaults_omnigrid, serial_shops,
          nicolae_shop_tiny_statue_garden, uniq_sojobo, uniq_xtahua
Vaults:5: uniq_saint_roka
Depths:1: layout_cave_shapes, abyss_entry, grunt_hell_horde,
          minmay_tree_intersection, pan_entry, nicolae_dithmenos_the_darkroom,
          serial_bayou_shore_b, grunt_megastairs_4, serial_bayou_shore_b
Depths:2: nzn_winding_woodlands_cross [nzn_winding_woodlands_5x15_jagged,
          nzn_winding_woodlands_5x15_pockets,
          nzn_winding_woodlands_5x15_default,
          nzn_winding_woodlands_5x15_lazy_stream,
          nzn_winding_woodlands_15x15_killbox], layout_basic, pf_coc_iceberg,
          pan_entry, fiery_altar_vehumet, nicolae_diode_quadrants
Depths:3: spriggan_forest, abyss_entry, pan_entry, hell_entry, uniq_boris
Depths:4: grunt_bruiser_brothers, layout_small_grid, hellmouth_1,
          grunt_decor_fettered, serial_shops, nicolae_shop_just_a_little_nook,
          shop, serial_bayou_shore_b
Zot:1:    layout_misc_corridors, regret_index_zotdec_banners
Zot:2:    layout_onion_interference
Zot:3:    layout_gridlike, regret_index_zotdec_twisting_globes,
          grunt_megastairs_5
Zot:4:    layout_gridlike
Zot:5:    layout_gridville, grunt_ministairs_6, nrook_zot_tub

Skill      XL: |  1  2  3  4  5  6  7  8  9 10 11 12 13 14 15 16 17 18 19 20 21 22 23 24 25 26 |
---------------+-------------------------------------------------------------------------------+-----
Stealth        | 1 2 4 6 10 | 10.0
Long Blades    | 4 5 6 10 12 13 | 13.0
Short Blades   | 3 6 8 9 10 11 | 11.4
Translocations | 1 3 4 7 9 10 12 13 | 13.0
Dodging        | 4 8 11 14 15 17 18 20 21 22 | 22.0
Fighting       | 4 6 9 11 13 14 18 20 21 | 21.0
Evocations     | 3 5 6 8 9 11 13 14 15 | 15.8
Armour         | 2 4 5 7 9 11 | 11.0
Air Magic      | 2 3 5 7 |  7.0
Shields        | 8 11 13 15 17 | 17.0
Throwing       | 3 6 |  6.0
Shapeshifting  | 10 17 18 | 18.0
Necromancy     | 3 10 12 13 14 | 14.0
Spellcasting   | 5 12 | 12.8
Earth Magic    | 2 6 |  6.0

Action                     |  1- 3 |  4- 6 |  7- 9 | 10-12 | 13-15 | 16-18 | 19-21 | 22-24 | 25-27 || total
---------------------------+-------+-------+-------+-------+-------+-------+-------+-------+-------++-------
  Melee: Falchion          |    65 |    33 |       |       |       |       |       |       |       ||    98
         Dagger            |       |   155 |    66 |       |       |       |       |       |       ||   221
         Demon blade       |       |       |   238 |   595 |  1245 |  1397 |  1633 |  1324 |  1029 ||  7461
         Rapier            |       |       |       |       |    24 |       |       |       |       ||    24
         Tailslap          |       |       |       |       |    11 |       |    69 |     1 |       ||    81
         Headbutt          |       |       |       |       |       |       |       |   360 |       ||   360
         Short sword       |       |       |       |       |       |       |       |       |     1 ||     1
  Throw: Boomerang         |       |     7 |    14 |     3 |    29 |     4 |    13 |       |       ||    70
         Dart              |       |       |    16 |     9 |     6 |   122 |    10 |     1 |       ||   164
         Throwing net      |       |       |     1 |       |     1 |       |     1 |       |       ||     3
         Javelin           |       |       |       |       |       |       |     1 |       |       ||     1
   Cast: Blink             |       |       |       |       |     1 |       |     2 |       |       ||     3
         Manifold Assault  |       |       |       |       |       |       |       |    75 |   249 ||   324
         Death Channel     |       |       |       |       |       |       |       |     1 |    10 ||    11
         Swiftness         |       |       |       |       |       |       |       |     1 |     1 ||     2
         Passwall          |       |       |       |       |       |       |       |       |     4 ||     4
         Vhi's Electric Ch |       |       |       |       |       |       |       |       |    18 ||    18
         Borgnjor's Vile C |       |       |       |       |       |       |       |       |     1 ||     1
  Evoke: Wand              |       |       |     3 |     3 |     3 |    13 |    10 |     2 |     5 ||    39
         Tin of tremorston |       |       |       |     2 |     4 |     7 |     5 |     7 |       ||    25
         Phantom mirror    |       |       |       |       |     2 |     3 |     2 |     2 |     2 ||    11
         Sack of spiders   |       |       |       |       |       |     1 |     5 |     2 |     2 ||    10
         Lightning rod     |       |       |       |       |       |       |       |     7 |       ||     7
    Use: Potion            |       |     4 |     3 |     1 |     2 |     3 |     1 |     5 |    12 ||    31
         Scroll            |       |     1 |    10 |     6 |    15 |    11 |     7 |     9 |     7 ||    66
   Stab: Sleeping          |     2 |     1 |     8 |     2 |    10 |     4 |       |    28 |     5 ||    60
         Invisible         |       |       |     2 |       |       |       |       |       |       ||     2
         Distracted        |       |       |     2 |     4 |     7 |     3 |     4 |    10 |     7 ||    37
         Confused          |       |       |       |     8 |     1 |     7 |    12 |     6 |     6 ||    40
         Petrified         |       |       |       |     4 |     2 |       |     5 |       |       ||    11
         Paralysed         |       |       |       |     2 |     1 |       |    15 |       |       ||    18
         Betrayed ally     |       |       |       |     1 |       |       |       |       |       ||     1
         Held in net/web   |       |       |       |       |     1 |     3 |     4 |     1 |       ||     9
         Petrifying        |       |       |       |       |       |       |     2 |       |     3 ||     5
 Armour: Leather armour    |    36 |   139 |    79 |       |       |       |       |       |       ||   254
         Steam dragon scal |       |       |   115 |    39 |       |       |       |       |       ||   154
         Ring mail         |       |       |       |   196 |   555 |   503 |       |       |       ||  1254
         Chain mail        |       |       |       |       |       |   121 |   544 |    72 |       ||   737
         Skin              |       |       |       |       |       |       |       |   293 |   319 ||   612
  Dodge: Dodged            |    47 |   113 |   138 |   299 |  1098 |   948 |   585 |  1021 |   691 ||  4940
         Repelled          |       |       |     3 |     3 |    20 |    36 |    23 |    65 |   123 ||   273
  Block: Kite shield       |       |       |       |       |   105 |  1293 |  1586 |  1592 |   831 ||  5407
         Buckler           |       |       |       |       |     8 |       |       |       |       ||     8
         Reflection        |       |       |       |       |       |       |   120 |    23 |       ||   143
   Form: Statue            |       |       |       |       |       |       |       |     2 |       ||     2
                           |       |       |       |       |       |       |       |     1 |       ||     1

Table legend: (Time is in decaauts)
 A = Elapsed time spent in this place.
 B = Non-inter-level travel time spent in this place.
 C = Inter-level travel time spent in this place.
 D = Time resting spent in this place.
 E = Time spent auto-exploring this place.
 F = Levels seen in this place.
 G = Mean time per level.
                   A        B        C        D        E       F      G
               +--------+--------+--------+--------+--------+-----+--------+
         Total |  79109 |  71266 |   7843 |  15412 |  40537 |  51 | 1551.2 |
       Dungeon |  22055 |  19110 |   2945 |   3738 |  11517 |  15 | 1470.3 |
          Lair |   7699 |   6921 |    778 |   1765 |   3945 |   5 | 1539.8 |
        Shoals |   3850 |   3642 |    208 |    487 |   2423 |   4 |  962.5 |
   Spider Nest |   5674 |   5453 |    221 |   1508 |   2418 |   4 | 1418.5 |
  Orcish Mines |   2985 |   2739 |    246 |   1216 |    896 |   2 | 1492.5 |
   Elven Halls |   3542 |   3374 |    168 |   1099 |   1558 |   3 | 1180.7 |
        Vaults |  11470 |  10321 |   1149 |   2465 |   5295 |   5 | 2294.0 |
        Depths |   9946 |   8414 |   1532 |    756 |   5832 |   4 | 2486.5 |
           Zot |   9745 |   9153 |    592 |   1693 |   6011 |   5 | 1949.0 |
         Abyss |    338 |    338 |      0 |     35 |      0 |   1 |  338.0 |
        Bazaar |    179 |    179 |      0 |      0 |    156 |   1 |  179.0 |
         Trove |    115 |    115 |      0 |      0 |     67 |   1 |  115.0 |
      Ice Cave |   1506 |   1506 |      0 |    646 |    417 |   1 | 1506.0 |
               +--------+--------+--------+--------+--------+-----+--------+

Top non-repeatable levels by time:
Depths:3: 3092 daAuts
Depths:4: 2781 daAuts
   Zot:5: 2708 daAuts
    D:10: 2638 daAuts
Vaults:5: 2568 daAuts
Vaults:2: 2555 daAuts
Vaults:4: 2500 daAuts
  Lair:5: 2376 daAuts
     D:8: 2323 daAuts
Spider:4: 2231 daAuts
Depths:2: 2211 daAuts
Vaults:1: 2176 daAuts
   Zot:4: 2036 daAuts
    D:12: 1961 daAuts
  Lair:3: 1928 daAuts
